 Dungeon Crawl Stone Soup version 0.30-a0-297-g0ec75d9ef4 (webtiles) character file.

Game seed: 18356849889323812800

591737 Sobieck the Wrestler (level 27, -2/254 HPs)
             Began as a Ghoul Monk on Oct 17, 2022.
             Was the Champion of Okawaru.
             Killed from afar by an orb of fire (14 damage)
             ... with a fireball
             ... on level 5 of the Realm of Zot on Oct 19, 2022.
             The game lasted 03:52:27 (72178 turns).

Sobieck the Wrestler (Ghoul Monk)                  Turns: 72178, Time: 03:52:27

Health: -2/254     AC: 60    Str: 36 (38) XL:     27
Magic:  31/36      EV:  9    Int:  6 (8)  God:    Okawaru [******]
Gold:   6705       SH: 37    Dex: 11 (12) Spells: 26/26 levels left

rFire   + + +      SeeInvis +      - Unarmed
rCold   + + +      Faith    .    y - +18 shield of the Gong {rElec rN+ Will+ EV-5}
rNeg    + + +      Spirit   .    D - +15 crystal plate armour of Unreason {Str+5 Int+3, rare=g}
rPois   ∞          Reflect  +    h - +2 hat "Minkong" {rF+ rCorr Str+6}
rElec   +          Harm     .    p - +1 cloak of Death Resistance {rElec Will+ Regen+ Str-4}
rCorr   +          Rampage  .    R - +0 pair of fencer's gloves {Riposte Dex+3}
Will    +++++                    B - +2 pair of boots "Urpheric" {rCorr Str+6 Dex-4 SInv}
Stlth   ..........               e - amulet of reflection
HPRegen 0.00/turn                j - ring of Diorph {rPois rF+ Will+ Str-4 Dex+2}
MPRegen 0.25/turn                d - ring "Wuill" {rC++ AC+4}

@: resistant, heroic, finesse-ful, marked, inhibited regen, studying Summonings
A: claws 1, cold resistance 1, negative energy resistance 3, inhibited
regeneration, torment resistance 2, devour on kill
}: 3/15 runes: barnacled, silver, gossamer
a: Renounce Religion, Heroism, Finesse, Duel


You were on level 5 of the Realm of Zot.
You worshipped Okawaru.
Okawaru was exalted by your worship.
You visited 11 branches of the dungeon, and saw 51 of its levels.
You visited 2 bazaars.
You also visited: Trove, Sewer, Ossuary and Wizlab.

You collected 9941 gold pieces.
You spent 3236 gold pieces at shops.


Innate Abilities, Weirdness & Mutations

You are immune to poison.
You have sharp fingernails.
Your flesh is cold resistant. (rC+)
You are immune to negative energy. (rN+++)
You do not regenerate when monsters are visible.
You are immune to unholy pain and torment.
You thrive by killing the living.


   Skills:
 - Level 22.0(27) Fighting
 + Level 16.9(21.9) Throwing
 + Level 20.2(25.2) Armour
 - Level 16.0(21.0) Dodging
 - Level 10.0(15.0) Stealth
 - Level 14.0(19.0) Shields
 - Level 22.0(27) Unarmed Combat
 - Level 20.0 Invocations
 - Level 8.0 Evocations


You had 26 spell levels left.
You didn't know any spells.
Your spell library contained the following spells:

 Spells                   Type           Power      Damage    Failure   Level
 Apportation              Tloc           0%         N/A       98%         1
 Freeze                   Ice            0%         1d3       98%         1
 Kiss of Death            Conj/Necr      0%         2d5       98%         1
 Necrotise                Necr           0%         1d4       98%         1
 Sandblast                Erth           0%         2d4       98%         1
 Shock                    Conj/Air       0%         1d3       98%         1
 Slow                     Hex            0%         N/A       98%         1
 Sting                    Tmut/Pois      0%         1d3       98%         1
 Blink                    Tloc           0%         N/A       99%         2
 Cigotuvi's Dreadful Rot  Necr/Pois/Air  0%         N/A       99%         2
 Ensorcelled Hibernation  Hex/Ice        0%         N/A       99%         2
 Passwall                 Tmut/Erth      0%         N/A       99%         2
 Poisonous Vapours        Pois/Air       0%         N/A       99%         2
 Scorch                   Fire           0%         2d5       99%         2
 Searing Ray              Conj           0%         2d4       99%         2
 Static Discharge         Conj/Air       0%         2-2/arc   99%         2
 Confusing Touch          Hex            0%         N/A       100%        3
 Dazzling Flash           Conj/Hex       0%         N/A       100%        3
 Frozen Ramparts          Ice            0%         1d1       100%        3
 Gell's Gravitas          Tloc           0%         N/A       100%        3
 Hailstorm                Conj/Ice       0%         3d3       100%        3
 Ignite Poison            Fire/Tmut/Pois 0%         N/A       100%        3
 Inner Flame              Hex/Fire       0%         N/A       100%        3
 Kindle Blastsparks       Fire/Tloc/Air  0%         2d10      100%        3
 Lesser Beckoning         Tloc           0%         N/A       100%        3
 Mephitic Cloud           Conj/Pois/Air  0%         N/A       100%        3
 Ozocubu's Armour         Ice            0%         N/A       100%        3
 Portal Projectile        Hex/Tloc       0%         N/A       100%        3
 Stone Arrow              Conj/Erth      0%         3d7       100%        3
 Swiftness                Air            0%         N/A       100%        3
 Teleport Other           Tloc           0%         N/A       100%        3
 Vampiric Draining        Necr           0%         2d6       100%        3
 Vhi's Electric Charge    Tloc/Air       0%         N/A       100%        3
 Airstrike                Air            0%         2d(0-16)  100%        4
 Cause Fear               Hex            0%         N/A       100%        4
 Dispel Undead            Necr           0%         3d6       100%        4
 Flame Wave               Conj/Fire      0%         2d4       100%        4
 Iskenderun's Mystic Bla  Conj/Tloc      0%         2d3       100%        4
 Leda's Liquefaction      Hex/Erth       0%         N/A       100%        4
 Manifold Assault         Tloc           0%         N/A       100%        4
 Passage of Golubria      Tloc           0%         N/A       100%        4
 Petrify                  Tmut/Erth      0%         N/A       100%        4
 Sticky Flame             Conj/Fire      0%         2d3       100%        4
 Arcjolt                  Conj/Air       0%         1d10      100%        5
 Borgnjor's Vile Clutch   Necr/Erth      0%         N/A       100%        5
 Fireball                 Conj/Fire      0%         3d3       100%        5
 Freezing Cloud           Conj/Ice/Air   0%         6-21      100%        5
 Irradiate                Conj/Tmut      0%         3d11      100%        5
 Iskenderun's Battlesphe  Conj           0%         2d6       100%        5
 Lightning Bolt           Conj/Air       0%         1d11      100%        5
 Metabolic Englaciation   Hex/Ice        0%         N/A       100%        5
 Yara's Violent Unravell  Hex/Tmut       0%         3d3       100%        5
 Conjure Ball Lightning   Conj/Air       0%         3x3d6     100%        6
 Dispersal                Tloc           0%         N/A       100%        6
 Eringya's Noxious Bog    Tmut/Pois      0%         N/A       100%        6
 Iron Shot                Conj/Erth      0%         9d1       100%        6
 Starburst                Conj/Fire      0%         6d3       100%        6
 Enfeeble                 Hex            0%         N/A       100%        7
 Orb of Destruction       Conj           0%         9d5       100%        7
 Ozocubu's Refrigeration  Ice            0%         4d7       100%        7
 Discord                  Hex            0%         N/A       100%        8
 Chain Lightning          Conj/Air       0%         N/A       100%        9
 Shatter                  Erth           0%         3d5*      100%        9
 Summon Small Mammal      Summ           Unusable   N/A       N/A         1
 Call Imp                 Summ           Unusable   N/A       N/A         2
 Call Canine Familiar     Summ           Unusable   N/A       N/A         3
 Summon Guardian Golem    Hex/Summ       Unusable   N/A       N/A         3
 Tukima's Dance           Hex            Unusable   N/A       N/A         3
 Animate Armour           Summ/Erth      Unusable   N/A       N/A         4
 Animate Dead             Necr           Unusable   N/A       N/A         4
 Ice Form                 Ice/Tmut       Unusable   N/A       N/A         4
 Summon Ice Beast         Ice/Summ       Unusable   N/A       N/A         4
 Blade Hands              Tmut           Unusable   N/A       N/A         5
 Summon Forest            Summ/Tloc      Unusable   N/A       N/A         5
 Summon Mana Viper        Hex/Summ       Unusable   N/A       N/A         5
 Death Channel            Necr           Unusable   N/A       N/A         6
 Simulacrum               Ice/Necr       Unusable   N/A       N/A         6
 Statue Form              Tmut/Erth      Unusable   N/A       N/A         6
 Summon Cactus Giant      Summ           Unusable   N/A       N/A         6
 Dragon Form              Tmut           Unusable   N/A       N/A         7
 Haunt                    Necr/Summ      Unusable   N/A       N/A         7
 Malign Gateway           Summ/Tloc      Unusable   N/A       N/A         7
 Monstrous Menagerie      Summ           Unusable   N/A       N/A         7
 Spellforged Servitor     Conj/Summ      Unusable   N/A       N/A         7
 Storm Form               Tmut/Air       Unusable   N/A       N/A         7
 Infestation              Necr           Unusable   N/A       N/A         8
 Necromutation            Tmut/Necr      Unusable   N/A       N/A         8
 Dragon's Call            Summ           Unusable   N/A       N/A         9

Inventory:

Missiles
 f - 15 silver javelins {throwing}
 r - 8 boomerangs (quivered) {throwing}
 z - 6 curare-tipped darts {=fthrowing}
 G - 13 datura-tipped darts {throwing}
 M - 55 poisoned darts {throwing}
 S - 25 atropa-tipped darts {throwing}
 T - 13 javelins {throwing}
 W - 8 throwing nets {=f!fthrowing}
Armour
 h - the +2 hat "Minkong" (worn) {rF+ rCorr Str+6}
   (Okawaru gifted it to you on level 3 of the Spider Nest)

   Str:       It affects your strength (+6).
   rF:        It protects you from fire.
   rCorr:     It protects you from acid and corrosion.
 p - the +1 cloak of Death Resistance (worn) {rElec Will+ Regen+ Str-4}
   (You found it in a treasure trove)

   Str:       It affects your strength (-4).
   rElec:     It insulates you from electricity.
   Regen:     It increases your rate of health regeneration.
   Will:      It increases your willpower.
 y - the +18 shield of the Gong (worn) {rElec rN+ Will+ EV-5}
   (You found it in a treasure trove)

   It is deafeningly noisy when blocking attacks.
   EV:        It affects your evasion (-5).
   rElec:     It insulates you from electricity.
   rN:        It protects you from negative energy.
   Will:      It increases your willpower.
 B - the +2 pair of boots "Urpheric" (worn) {rCorr Str+6 Dex-4 SInv}
   (Okawaru gifted it to you on level 1 of the Shoals)

   Str:       It affects your strength (+6).
   Dex:       It affects your dexterity (-4).
   SInv:      It lets you see invisible.
   rCorr:     It protects you from acid and corrosion.
 D - the +15 crystal plate armour of Unreason (worn) {Str+5 Int+3, rare=g}
   (You found it in a treasure trove)

   Str:       It affects your strength (+5).
   Int:       It affects your intelligence (+3).
 R - the +0 pair of fencer's gloves (worn) {Riposte Dex+3}
   (You found it in a treasure trove)

   It allows the wearer to riposte with melee weapons, swiftly retaliating
   against missed or blocked melee attacks.
   Dex:       It affects your dexterity (+3).
Jewellery
 d - the ring "Wuill" (right hand) {rC++ AC+4}
   (You found it on level 5 of the Vaults)

   [ring of protection]

   AC:        It affects your AC (+4).
   rC:        It greatly protects you from cold.
 e - an amulet of reflection (around neck)
   (You bought it in a shop in a bazaar)
 j - the ring of Diorph (left hand) {rPois rF+ Will+ Str-4 Dex+2}
   (You bought it in a shop in a bazaar)

   [ring of willpower]

   Str:       It affects your strength (-4).
   Dex:       It affects your dexterity (+2).
   rF:        It protects you from fire.
   rPois:     It protects you from poison.
   Will:      It increases your willpower.
 n - a +6 ring of strength
   (You bought it in a shop in a bazaar)
 o - a +6 ring of strength
   (You found it on level 1 of the Shoals)
 x - the ring "Bus Jesm" {Ice Dex+5 Stlth+}
   (You took it off Josephina on level 1 of the Realm of Zot)

   [ring of ice]

   It enhances your ice magic.
   Dex:       It affects your dexterity (+5).
   rF:        It makes you vulnerable to fire.
   rC:        It protects you from cold.
   Stlth:     It makes you more stealthy.
 E - a ring of see invisible
   (You took it off an ironbound convoker on level 5 of the Vaults)
 H - the ring "Cerossosy" {Fly Will+ Int+2 Dex-3}
   (You took it off a deep elf archer on level 2 of the Elven Halls)

   [ring of flight]

   Int:       It affects your intelligence (+2).
   Dex:       It affects your dexterity (-3).
   Fly:       It grants you flight.
   Will:      It increases your willpower.
 K - the ring "Ekyull" {rElec rPois}
   (You found it on level 3 of the Crypt)

   [ring of poison resistance]

   rElec:     It insulates you from electricity.
   rPois:     It protects you from poison.
 Y - a ring of protection from fire
   (You found it on level 13 of the Dungeon)
Wands
 l - a wand of mindburst (11)
   (You found it on level 1 of the Lair of Beasts)
 J - a wand of digging (15)
   (You found it on level 2 of the Spider Nest)
 L - a wand of flame (54)
   (You took it off Maurice on level 8 of the Dungeon)
 O - a wand of iceblast (53)
   (You found it on level 8 of the Dungeon)
Scrolls
 k - 8 scrolls of immolation {!r!r}
 m - 5 scrolls of silence {!r}
 s - 8 scrolls of poison
 t - 14 scrolls of vulnerability {!r!r}
 A - 34 scrolls of teleportation {@r4}
 I - 4 scrolls of magic mapping {!r}
 Q - 2 scrolls of torment
 X - 10 scrolls of fear
Potions
 a - 5 potions of magic
 b - 12 potions of ambrosia
 c - 27 potions of curing {@q1}
 g - 9 potions of brilliance
 v - 3 potions of resistance
 w - 4 potions of attraction {!q}
 C - 9 potions of cancellation
 F - 3 potions of invisibility
 N - 6 potions of heal wounds {@q2}
 V - 5 potions of might
 Z - 9 potions of haste {@q3}
Miscellaneous
 i - a tin of tremorstones (2/2) {throwing}
   (You found it on level 15 of the Dungeon)
 q - a lightning rod (4/4)
   (You found it on level 2 of the Spider Nest)
 u - a phial of floods
   (You found it on level 2 of the Lair of Beasts)
 U - a condenser vane
   (You found it on level 2 of the Shoals)

Dungeon Overview and Level Annotations

Branches:
Dungeon (15/15) Zot: 23591  Temple (1/1) D:5 Zot: 5989    Lair (5/5) D:8 Zot: 22210
 Shoals (4/4) Lair:2 Zot: 18905  Spider (4/4) Lair:3 Zot: 16546   Slime (0/5) Lair:5
    Orc (2/2) D:10 Zot: 10158     Elf (3/3) Orc:2 Zot: 14222  Vaults (5/5) D:14 Zot: 22362
  Crypt (3/3) Vaults:3 Zot: 14896    Tomb (0/3) Crypt:3      Depths (4/4) D:15 Zot: 17342
    Zot (5/5) Depths:4 Zot: 24032   Sewer (visited)         Ossuary (visited)
 WizLab (visited)

Altars:
Ashenzari
Cheibriados
Dithmenos
Fedhas
Gozag
Hepliaklqana
Kikubaaqudgha
Makhleb
Nemelex Xobeh
Okawaru
Qazlal
Ru
Sif Muna
Trog
Uskayaw
Vehumet
Wu Jian
Xom
Yredelemnul
Jiyva

Shops:
D:9 !   Orc:2 ([:*   Elf:2 *   Shoals:3 !   Shoals:4 [[[   Vaults:1 !
Depths:1 *(   Depths:2 *

Portals:
Hell: Depths:1 Depths:2 Depths:3 Depths:4
Abyss: Depths:1 Depths:3
Pandemonium: Depths:2
Ziggurat: Depths:3

Annotations:
D:3 exclusion: statue
D:9 1 runed translucent door
D:10 1 runed translucent door, jejorda2's ghost, journeyman DrBe
D:15 1 runed translucent door, Myatze's ghost, journeyman FeSu
Lair:1 2 transporters, Vonnarr's ghost, journeyman OpAE
Shoals:1 3 runed translucent doors, exclusion: obsidian statue, Ciuc's ghost, adept GrEE
Spider:2 2 transporters, NinjaNoafa's ghost, journeyman MiMo
Elf:2 5 runed translucent doors
Vaults:2 3 runed translucent doors, Getoffmy's ghost, veteran GrFi
Crypt:2 1 transporter
Depths:2 5 runed translucent doors, Ydiegh's ghost, veteran SpVM
Depths:3 exclusions: 2 angels and daeva
Zot:4 1 runed translucent door, Joggorr's ghost, veteran OgBe
Zot:5 1 runed translucent door, Bealaq's ghost, legendary GnFE

⌠.##...##....[)..####
...##'##.....#).....##
...##......###⌠))#...##
.####.....###..[<##...#
.#..##...## #..[##..#.###
.#..#....####..)).......#
...##...##..#...#'#.#.#.##
....###.#...#####.###.#..##
##....###...#.##@..##.....#
##....^.#.....).....#...####
.##..#####....##[..........#
..##.#.#....*.###.#.....#..#
...#.#.#..**#'#######+##...#
...........##*..## #W(!#...#
.....#...X##*....####.##..##
##.###...##.......#####..##
##.#...X.'.........# #.^..#


You could see 3 orbs of fire, an Orb Guardian, a +4 demon trident of chaos and
Bealaq's ghost.


Message History

The bolt of fire hits you! You resist.
The orb of fire glows deep purple.
Strange energies course through your body.
Your body decomposes!
You feel weakened.
The orb of fire glows yellow.
Strange energies course through your body.
Your body decomposes!
You feel dopey.
The orb of fire glows red.
Strange energies course through your body.
Your body decomposes!
You feel clumsy.
Unknown command.
The orb of fire glows yellow.
The bolt of fire hits you!! You resist.
The orb of fire glows yellow.
The bolt of fire hits you. You resist.
Unknown command.
Unknown command.
Danger!
The orb of fire glows deep purple.
The bolt of fire hits you!! You resist.
The orb of fire glows deep purple.
The bolt of fire hits the orb of fire.
The orb of fire completely resists.
The bolt of fire hits you!! You resist.
* * * LOW HITPOINT WARNING * * *
The orb of fire glows bright magenta.
The fireball explodes!
The fireball engulfs you!! You resist.
* * * LOW HITPOINT WARNING * * *
An orb of fire comes into view.
There is an open door here.
You feel protected.
Unknown command.
You gain the combat prowess of a mighty hero.
The orb of fire emits a lurid red light.
The bolt of fire hits the orb of fire.
The orb of fire completely resists.
The bolt of fire hits the orb of fire.
The orb of fire completely resists.
The bolt of fire hits you. You resist.
* * * LOW HITPOINT WARNING * * *
Unknown command.
You can now deal lightning-fast blows.
The orb of fire glows yellow.
The bolt of fire hits you but does no damage.
An orb of fire comes into view.
The orb of fire glows red.
The bolt of fire hits the orb of fire.
The orb of fire completely resists.
The bolt of fire hits the orb of fire.
The orb of fire completely resists.
The bolt of fire hits you! You resist.
* * * LOW HITPOINT WARNING * * *
The orb of fire glows deep purple.
The bolt of fire hits you! You resist.
* * * LOW HITPOINT WARNING * * *
The orb of fire glows bright magenta.
The bolt of fire hits the orb of fire.
The orb of fire completely resists.
The bolt of fire misses the orb of fire.
The bolt of fire hits you! You resist.
* * * LOW HITPOINT WARNING * * *
Unknown command.
You hit the orb of fire but do no damage.
The orb of fire glows red.
The bolt of fire hits the orb of fire.
The orb of fire completely resists.
The bolt of fire hits the orb of fire.
The orb of fire completely resists.
The bolt of fire hits the orb of fire.
The orb of fire completely resists.
The bolt of fire hits you. You resist.
* * * LOW HITPOINT WARNING * * *
An Orb Guardian comes into view.
You miss the orb of fire.
The orb of fire glows red.
The bolt of fire hits the orb of fire.
The orb of fire completely resists.
The bolt of fire hits the orb of fire.
The orb of fire completely resists.
The bolt of fire misses the orb of fire.
The bolt of fire hits the orb of fire.
The orb of fire completely resists.
The bolt of fire hits you! You resist.
* * * LOW HITPOINT WARNING * * *
Unknown command.
You closely miss the orb of fire.
The orb of fire glows bright magenta.
The bolt of fire hits the orb of fire.
The orb of fire completely resists.
The bolt of fire hits the orb of fire.
The orb of fire completely resists.
The bolt of fire hits you! You resist.
* * * LOW HITPOINT WARNING * * *
Unknown command.
Really read
P - a scroll of blinking {!r}?
Blink to where?
Press: ? - help, Dir - move target
As you read the scroll of blinking {!r}, it crumbles to dust.
Unknown command.
The orb of fire glows deep purple.
The bolt of fire hits you! You resist.
* * * LOW HITPOINT WARNING * * *
The orb of fire emits a lurid red light.
The bolt of fire misses you.
There is an open door, spattered with blood here.
Things that are here:
a +0 short sword {short}; a +0 cloak; a +0 broad axe {axe} Unknown command.
The orb of fire glows deep purple.
The fireball explodes!
The fireball engulfs you! You resist.
You die...

Skill      XL: |  1  2  3  4  5  6  7  8  9 10 11 12 13 14 15 16 17 18 19 20 21 22 23 24 25 26 27 |
---------------+----------------------------------------------------------------------------------+-----
Unarmed Combat | 4 5 6 7 8 10 11 12 13 15 16 17 18 19 20 21 22 | 22.0
Invocations    | 1 4 6 8 9 10 12 13 16 17 19 20 | 20.0
Fighting       | 7 8 10 11 12 13 14 16 18 19 20 21 22 | 22.0
Armour         | 2 5 6 8 9 11 12 13 14 15 16 17 18 19 20 | 20.2
Throwing       | 2 5 6 9 10 11 12 13 14 15 16 | 16.9
Shields        | 3 5 12 14 | 14.0
Dodging        | 3 5 6 7 8 9 10 11 16 | 16.0
Evocations     | 3 5 7 8 |  8.0
Stealth        | 5 7 8 10 | 10.0

Action                   |  1- 3 |  4- 6 |  7- 9 | 10-12 | 13-15 | 16-18 | 19-21 | 22-24 | 25-27 || total
-------------------------+-------+-------+-------+-------+-------+-------+-------+-------+-------++-------
Melee: Unarmed           |   108 |   213 |   396 |   622 |  1290 |  1533 |  1403 |  1469 |  1060 ||  8094
       Punch             |     1 |     8 |     3 |       |       |       |       |       |       ||    12
Throw: Stone             |     3 |       |     1 |       |       |     4 |       |       |       ||     8
       Boomerang         |       |       |    34 |   169 |   284 |   231 |    10 |   137 |   316 ||  1181
       Dart              |       |       |       |     2 |    36 |   105 |       |       |       ||   143
       Javelin           |       |       |       |       |       |       |     5 |       |    13 ||    18
Invok: Heroism           |       |       |     5 |    11 |    17 |     7 |     2 |     2 |     8 ||    52
       Finesse           |       |       |       |     1 |     8 |     2 |     2 |     2 |     8 ||    23
       Duel              |       |       |       |       |     1 |     2 |       |       |     1 ||     4
Evoke: Wand              |       |       |       |       |     1 |     8 |       |       |       ||     9
       Tin of tremorston |       |       |       |       |       |     2 |       |       |       ||     2
  Use: Potion            |       |     2 |     4 |       |     9 |     4 |       |       |     7 ||    26
       Scroll            |       |       |    23 |     3 |     7 |     3 |     4 |     2 |     3 ||    45
 Stab: Sleeping          |     3 |       |     1 |       |       |     2 |       |       |       ||     6
       Invisible         |       |       |       |       |     4 |       |       |       |       ||     4
       Petrified         |       |       |       |       |       |       |     2 |       |       ||     2
       Confused          |       |       |       |       |       |       |       |       |     3 ||     3
Armor: Robe              |     9 |       |       |       |       |       |       |       |       ||     9
       Ring mail         |     7 |    98 |    78 |    80 |       |       |       |       |       ||   263
       Chain mail        |       |       |       |   194 |   228 |       |       |       |       ||   422
       Leather armour    |       |       |       |     6 |    27 |       |       |       |       ||    33
       Plate armour      |       |       |       |       |   115 |       |       |       |       ||   115
       Pearl dragon scal |       |       |       |       |   141 |   825 |       |       |       ||   966
       Crystal plate arm |       |       |       |       |       |   321 |   399 |   394 |   474 ||  1588
Dodge: Dodged            |    60 |   155 |   183 |   231 |   513 |   881 |   110 |    94 |   123 ||  2350
Block: Buckler           |       |       |    31 |   144 |   329 |   427 |       |       |       ||   931
       Kite shield       |       |       |       |       |       |   868 |  1484 |  1607 |  1211 ||  5170
       Reflection        |       |       |       |       |       |       |   108 |    29 |    36 ||   173
       Rpst.: Unarmed    |       |       |       |       |       |   188 |   444 |   530 |   381 ||  1543

Levels and vault maps discovered:
D:1:      kb_arrival_jail, layout_loops_corners,
          shapermc_ecumenical_altar_hornbeckon, minmay_shallow_snake_nest
D:2:      layout_loops_corners, minmay_misc_feat_enclosed, uniq_terence
D:3:      minmay_general_purpose_star, layout_loops_ring, vehumet_statue,
          mainiacjoe_overflow_catwalk, kiku_gazebo_garden_becter,
          mainiacjoe_overflow_boulevard, cheibrodos_sewer_entry_sluice,
          uniq_sigmund
D:4:      layout_cave_pools, minmay_cut_off
D:5:      layout_gridville, minmay_temple_entry_glass, grunt_decor_one_mirror
D:6:      layout_rooms, minivault_26
D:7:      layout_loops_ring, nicolae_ossuary_entry_false_entrances
D:8:      layout_basic, lemuel_tele_altar, lair_entry_dummy, uniq_maurice
D:9:      layout_gridville, serial_shops, nicolae_stop_n_shop_2,
          grunt_decor_mini_mirrors, wad_hexagon
D:10:     layout_cross, led_sif_book, lightli_temple_of_fire,
          chequers_temple_overflow_minitemple, david_orc_3,
          hellmonk_ghost_happy_afterlife
D:11:     layout_roguey, serial_shops, statue_bzr, uniq_lodul
D:12:     layout_loops_ring, uniq_psyche
D:13:     layout_rooms, uniq_snorg
D:14:     layout_basic, ximxim_vaults_locker_room, solitary_fountain,
          enter_trove_2, uniq_rupert
D:15:     hangedman_depths_entry_civil_slaughter, layout_long_grid,
          ebering_ghost_xom, chequers_serial_rivers_small_b, grunt_potential,
          uniq_nessos, uniq_louise
Temple:   hellmonk_temple_micro_hex
Lair:1:   layout_chaotic_city, nzn_ghost_randoct,
          nicolae_quartered_pool_impasse, grunt_megastairs_3, lemuel_fruit_tree,
          uniq_amaemon
Lair:2:   layout_regular_city, elwin_shoals_entry_rocks, basic_altar,
          portal_ice_cave_entry_ice_simulacra, grunt_forest_small_clearings,
          beast_lair_carwin_9
Lair:3:   layout_loops_ring, nicolae_spider_entry_orb_guardian
Lair:4:   layout_hall_layers, uniq_kirke, uniq_urug
Lair:5:   due_jungle_book, layout_small_grid, minmay_slime_entry_jelly_boxes,
          grunt_megastairs_1, lemuel_fruit_fields
Shoals:1: cheibrodos_shoals_roost, layout_shoals, ebering_ghost_gozag
Shoals:2: layout_shoals, hangedman_shoals_cup_caves, uniq_polyphemus
Shoals:3: layout_shoals, serial_shops, shop
Shoals:4: shoals_end_grunt_garden, layout_shoals, serial_shops,
          nicolae_shop_hallway_plus, shop_fountains,
          nicolae_shop_overgrown_old_shop, nicolae_shoals_shepherds, uniq_mara
Spider:1: layout_spider_delve
Spider:2: layout_spider_delve, gammafunk_ghost_berserking_beasts,
          nicolae_spider_nooks_and_crannies
Spider:3: layout_spider_delve, uniq_bai_suzhen
Spider:4: grunt_spider_rune_circles
Orc:1:    layout_caves, basic_altar
Orc:2:    grunt_orc_cross, layout_diamond_mine
Elf:1:    nicolae_elf_arrival_fired_up, layout_geoelf_octagon, basic_altar,
          minmay_elf_demonology, hex_large, item_on_display_a
Elf:2:    elven_hall_of_blades_hangedman_alternative
          [nicolae_blade_entry_antechamber], layout_rooms, serial_shops, shop,
          david_greed, uniq_jorgrun, uniq_nikola
Elf:3:    grunt_elf_hall_branching, layout_gridlike, serial_shops,
          bzr_entry_lakeside
Vaults:1: v_misc_33, nicolae_vaults_network_s, ontoclasm_vaults_twist,
          hangedman_vaults_impose, nicolae_vaults_statue_guard,
          hangedman_vaults_hat, hangedman_vaults_restitches,
          vaults_dpeg_emergency_exit, nicolae_vaults_yaktaur_gun_rack,
          vaults_dpeg_diagonal, nicolae_vaults_network_quinsquares
          [nicolae_vaults_network_quincunx_subvault,
          nicolae_vaults_network_quincunx_subvault,
          nicolae_vaults_network_quincunx_subvault,
          nicolae_vaults_network_quincunx_subvault], layout_vaults_omnigrid,
          serial_shops, nicolae_shop_hallway_stairs, uniq_aizul
Vaults:2: gammafunk_ghost_necromancy, v_misc_33, hangedman_vaults_stagger,
          v_alt_pattern_5, v_misc_12, v_misc_8, v_misc_15,
          layout_vaults_big_room
Vaults:3: nicolae_vaults_theta, vaults_room_semicircle, vaults_dpeg_ring,
          st_cells, v_misc_27, v_misc_4, nicolae_vaults_twisting_passages,
          minmay_crypt_entry_necro_gods, vaults_dpeg_encased_lava,
          vaults_standard_mumra_enter_the_diamond, vaults_dpeg_doors,
          layout_vaults_big_cross
Vaults:4: portal_desolation_entry_garden,
          minmay_guarded_unrand_secular_launcher, v_pattern_4, serial_ice_h,
          nicolae_vaults_shelves_hall, v_misc_18, nicolae_vaults_circle_grid_a,
          grunt_vaults_hallway_long, v_misc_27, v_rooms_1,
          ontoclasm_vaults_chip, hangedman_vaults_locks, layout_vaults_omnibox
Vaults:5
Crypt:1:  layout_gridlike, minivault_11, grunt_ministairs_8, minivault_23,
          grunt_crypt_arrival_split, grunt_megastairs_4
Crypt:2:  gammafunk_sealed_library, layout_gridlike, mu_enter_wizlab_4
Crypt:3:  grunt_crypt_end_deaths_head, uniq_zenata, uniq_mennas
Depths:1: layout_gridlike, abyss_entry, hellmouth_1, old_standard_altar,
          hex_intersection, minmay_metal_thing, minmay_shoptagon, firewood_loft
Depths:2: minmay_expanding_circles, layout_cave_shapes,
          biasface_ghost_demon_polymorph, serial_co_window_serial,
          co_window_paths_a, co_window_paths_b, co_window_paths_a,
          co_window_of_opportunity_a, co_window_paths_b,
          co_window_of_opportunity_b, co_window_2corner, co_window_cross_3,
          co_window_of_opportunity_b, co_window_4corner_a, glass_columns_a,
          rand_demon_pan_entry_9, hell_entry, nicolae_island_escapes
Depths:3: dreamdust_isle_of_ice, layout_gridville, enter_ziggurat_d,
          pf_coc_iceberg, minmay_holes, abyss_entry_crystal,
          infiniplex_staircase_spiral_double, uniq_parghit
Depths:4: grunt_zot_entry_tricorne, layout_basic, good_gods_temple_1,
          grunt_hell_entry_dis_mu, serial_corexii_hall, chequers_hall_statues_y,
          corexii_hall_statues_u, corexii_hall_statues_x
Zot:1:    layout_gridville, uniq_josephina
Zot:2:    layout_misc_corridors
Zot:3:    layout_onion_interference, st_single_dragon_hoard_1
Zot:4:    layout_gridlike, ebering_ghost_reflecting_pool
Zot:5:    layout_twisted_circle, ebering_ghost_xom,
          hangedman_zot_diagonal_lockstep

Notes
Turn   | Place    | Note
-------+----------+-------------------------------------------
     0 | D:1      | Sobieck the Ghoul Monk began the quest for the Orb.
     0 | D:1      | Reached XP level 1. HP: 19/19 MP: 0/0
     2 | D:1      | Noticed a troll
     2 | D:1      | Noticed a draconian
     4 | D:1      | Noticed a demonspawn
     4 | D:1      | Noticed a human
     6 | D:1      | Noticed an ogre
     8 | D:1      | Noticed a meteoran
     8 | D:1      | Noticed an armataur
    10 | D:1      | Noticed a gargoyle
    10 | D:1      | Noticed a naga
    12 | D:1      | Noticed a vine stalker
    12 | D:1      | Noticed a spriggan
    14 | D:1      | Noticed a vampire
    14 | D:1      | Noticed an elf
    16 | D:1      | Noticed an octopode
    16 | D:1      | Noticed a formicid
    18 | D:1      | Noticed a merfolk
    20 | D:1      | Noticed a felid
    22 | D:1      | Noticed a demigod
    22 | D:1      | Noticed a ghoul
    24 | D:1      | Noticed an octopode
    24 | D:1      | Noticed a minotaur
    26 | D:1      | Noticed a ghoul
    26 | D:1      | Noticed a tengu
   200 | D:1      | Reached XP level 2. HP: 26/26 MP: 1/1
   285 | D:1      | Reached skill level 4 in Unarmed Combat
   483 | D:1      | You pick up a book of Iron and begin reading...
   483 | D:1      | You add the spells Animate Armour and Iron Shot to your
                  | library.
   644 | D:1      | Reached XP level 3. HP: 31/31 MP: 2/2
   714 | D:1      | You add the spells Blink and Manifold Assault to your
                  | library.
   835 | D:1      | Found a faded altar of an unknown god.
  1650 | D:2      | Reached skill level 5 in Unarmed Combat
  1818 | D:2      | Noticed Terence
  1832 | D:2      | Killed Terence
  1833 | D:2      | Reached XP level 4. HP: 16/38 MP: 3/3
  2222 | D:3      | Found a radiant altar of Vehumet.
  2222 | D:3      | Noticed a frost-covered statue
  2228 | D:3      | Found a blossoming altar of Fedhas.
  2298 | D:3      | Found a glowing drain.
  2307 | D:3      | You fall into a shaft and drop 1 floor!
  2365 | D:4      | You pick up a book of Winter and begin reading...
  2365 | D:4      | You add the spells Ozocubu's Armour, Metabolic Englaciation
                  | and Simulacrum to your library.
  2394 | Sewer    | Entered a sewer
  2430 | Sewer    | Reached skill level 6 in Unarmed Combat
  2430 | Sewer    | Reached XP level 5. HP: 40/45 MP: 4/4
  2866 | Sewer    | Reached skill level 7 in Unarmed Combat
  2975 | Sewer    | Reached XP level 6. HP: 38/51 MP: 5/5
  3385 | D:3      | Found a snail-covered altar of Cheibriados.
  3554 | D:3      | Noticed Sigmund
  3561 | D:3      | Killed Sigmund
  3562 | D:3      | Reached skill level 8 in Unarmed Combat
  3562 | D:3      | Reached XP level 7. HP: 57/57 MP: 6/6
  3831 | D:3      | Found an ancient bone altar of Kikubaaqudgha.
  4233 | D:4      | Reached skill level 9 in Unarmed Combat
  4437 | D:4      | You pick up a book of Debilitation and begin reading...
  4437 | D:4      | You add the spells Slow, Vampiric Draining and Confusing
                  | Touch to your library.
  4623 | D:5      | Entered Level 5 of the Dungeon
  4651 | D:5      | Reached skill level 10 in Unarmed Combat
  4663 | D:5      | Found a staircase to the Ecumenical Temple.
  4672 | Temple   | Entered the Ecumenical Temple
  4677 | Temple   | Became a worshipper of Warmaster Okawaru
  4677 | Temple   | Reached * piety under Okawaru
  4677 | Temple   | Reached ** piety under Okawaru
  4806 | D:5      | Reached skill level 1 in Invocations
  4806 | D:5      | Reached XP level 8. HP: 34/64 MP: 7/7
  4936 | D:5      | Reached skill level 4 in Fighting
  5151 | D:5      | Reached skill level 2 in Invocations
  5323 | D:5      | Reached skill level 3 in Invocations
  5343 | D:5      | Reached skill level 5 in Fighting
  5502 | D:5      | Reached skill level 4 in Invocations
  6047 | D:6      | Reached skill level 6 in Fighting
  6345 | D:6      | Reached skill level 7 in Fighting
  6375 | D:5      | HP: 14/73 [wight/+2 great sword of electrocution (12)]
  6383 | D:5      | Reached XP level 9. HP: 45/79 MP: 8/11
  6500 | D:5      | Reached *** piety under Okawaru
  6578 | D:5      | Reached skill level 8 in Fighting
  6734 | D:6      | Reached skill level 1 in Armour
  6740 | D:6      | Reached skill level 1 in Throwing
  6817 | D:6      | You pick up a book of Hexes and begin reading...
  6817 | D:6      | You add the spells Inner Flame, Cause Fear and Discord to
                  | your library.
  6981 | D:6      | You pick up a book of Air and begin reading...
  6981 | D:6      | You add the spells Shock, Swiftness and Airstrike to your
                  | library.
  7157 | D:7      | Found a sand-covered staircase.
  7162 | Ossuary  | Entered an ossuary
  7616 | Ossuary  | Reached skill level 2 in Armour
  7714 | Ossuary  | Reached skill level 2 in Throwing
  7875 | D:7      | Reached **** piety under Okawaru
  8645 | D:8      | Noticed Maurice
  8658 | D:8      | Killed Maurice
  8659 | D:8      | Reached skill level 11 in Unarmed Combat
  8659 | D:8      | Reached XP level 10. HP: 73/90 MP: 9/12
  8664 | D:8      | Reached skill level 3 in Throwing
  8664 | D:8      | Reached skill level 3 in Armour
  8673 | D:8      | Found a staircase to the Lair.
  8675 | D:8      | You pick up a book of the Dragon and begin reading...
  8782 | D:8      | Reached skill level 9 in Fighting
  9754 | D:9      | Reached ***** piety under Okawaru
  9919 | D:9      | Identified the +2 chain mail of Xeaqa {Rampage *Corrode rC-
                  | Regen+}
 10086 | D:9      | Found a runed translucent door.
 10088 | D:9      | Noticed a centaur warrior
 10088 | D:9      | Noticed a boulder beetle
 10327 | D:9      | Reached skill level 4 in Throwing
 10327 | D:9      | Reached skill level 4 in Armour
 10327 | D:9      | Reached skill level 12 in Unarmed Combat
 10618 | D:9      | Noticed a two-headed ogre
 10632 | D:9      | Killed a two-headed ogre
 10708 | D:9      | Found Ysai's Distillery.
 10856 | D:10     | Entered Level 10 of the Dungeon
 10933 | D:10     | Found a sparkling altar of Nemelex Xobeh.
 10933 | D:10     | Found an ornate altar of the Wu Jian Council.
 10941 | D:10     | Found a basalt altar of Yredelemnul.
 10943 | D:10     | Found a broken altar of Ashenzari.
 10945 | D:10     | Found a hazy altar of Hepliaklqana.
 11091 | D:9      | Reached skill level 10 in Fighting
 11171 | D:9      | Reached skill level 5 in Throwing
 11171 | D:9      | Reached skill level 5 in Armour
 11183 | D:9      | Reached XP level 11. HP: 97/99 MP: 13/13
 11227 | D:10     | Reached skill level 1 in Shields
 11229 | D:10     | Received a gift from Okawaru
 11250 | D:10     | Found a staircase to the Orcish Mines.
 11441 | D:10     | Found a shimmering blue altar of Sif Muna.
 11540 | D:10     | Found a burning altar of Makhleb.
 11567 | D:10     | Found a runed translucent door.
 11567 | D:10     | Noticed jejorda2's ghost (journeyman DrBe)
 11646 | D:10     | HP: 17/99 [something (11)]
 11779 | D:10     | Got Sif Muna's Anthology of Hexes
 11928 | D:11     | Noticed a cyclops
 11937 | D:11     | Killed a cyclops
 11938 | D:11     | Reached skill level 2 in Shields
 11942 | D:11     | Received a gift from Okawaru
 11943 | D:11     | Reached skill level 5 in Invocations
 12104 | D:11     | You add the spells Dazzling Flash and Orb of Destruction to
                  | your library.
 12104 | D:11     | Got Feab's Vellum of Execration and Striking {@e2}
 12176 | D:11     | Noticed Lodul
 12227 | Lair:1   | Entered Level 1 of the Lair of Beasts
 12227 | Lair:1   | Found a transporter.
 12229 | Lair:1   | Found a transporter.
 12229 | Lair:1   | Noticed Amaemon
 12238 | Lair:1   | Noticed a death yak
 12342 | Lair:1   | Noticed Vonnarr's ghost (journeyman OpAE)
 12384 | Lair:1   | Killed Amaemon
 12394 | Lair:1   | Reached skill level 13 in Unarmed Combat
 12507 | Lair:1   | Reached skill level 6 in Armour
 12515 | Lair:1   | Reached skill level 3 in Shields
 12670 | Lair:1   | Received a gift from Okawaru
 12671 | Lair:1   | Reached skill level 6 in Invocations
 13149 | Lair:1   | Noticed a lindwurm
 13171 | Lair:1   | Reached XP level 12. HP: 100/106 MP: 7/15
 13184 | Lair:1   | Reached skill level 4 in Shields
 13320 | Lair:1   | Identified the +1 leather armour "Xesiriacw" {Slay+2}
 13356 | Lair:1   | Reached skill level 14 in Unarmed Combat
 13484 | Lair:1   | Received a gift from Okawaru
 13725 | Lair:1   | You add the spells Kindle Blastsparks, Ignite Poison and
                  | Freezing Cloud to your library.
 13762 | Lair:1   | Reached skill level 7 in Invocations
 13897 | Lair:2   | Reached skill level 7 in Armour
 14038 | Lair:2   | Identified the +0 ring mail of Veephin {rN+ Dex+4} (Okawaru
                  | gifted it to you on level 2 of the Lair of Beasts)
 14038 | Lair:2   | Received a gift from Okawaru
 14226 | Lair:2   | Reached skill level 5 in Shields
 14643 | Lair:2   | Found a staircase to the Shoals.
 14693 | Lair:2   | Reached skill level 15 in Unarmed Combat
 14813 | Lair:2   | Noticed a four-headed hydra
 14823 | Lair:2   | Killed a four-headed hydra
 14824 | Lair:2   | Reached skill level 8 in Invocations
 14926 | Lair:2   | Noticed a six-headed hydra
 14935 | Lair:2   | Killed a six-headed hydra
 14936 | Lair:2   | Reached skill level 8 in Armour
 15462 | Lair:3   | Noticed a boulder beetle
 15475 | Lair:3   | Killed a boulder beetle
 15476 | Lair:3   | Reached skill level 3 in Dodging
 15476 | Lair:3   | Reached XP level 13. HP: 101/113 MP: 18/18
 15695 | Lair:3   | Found a hole to the Spider Nest.
 16268 | Lair:3   | HP: 27/114 [elephant (9)]
 16272 | Lair:3   | Received a gift from Okawaru
 16598 | Lair:3   | Reached skill level 4 in Dodging
 16598 | Lair:3   | Identified the +1 chain mail of the Bull {rElec rF+ rN+
                  | Regen+ Dex-4}
 16702 | Lair:3   | Reached ****** piety under Okawaru
 16702 | Lair:3   | Received a gift from Okawaru
 17005 | Lair:3   | Reached skill level 6 in Throwing
 17152 | Lair:4   | Noticed Urug
 17586 | Lair:4   | Noticed Kirke
 17604 | Lair:4   | Killed Kirke
 17605 | Lair:4   | Reached skill level 11 in Fighting
 17713 | Lair:4   | Killed Urug
 17713 | Lair:4   | Received a gift from Okawaru
 17714 | Lair:4   | Reached skill level 9 in Armour
 18127 | Lair:4   | You pick up a book of Frost and begin reading...
 18127 | Lair:4   | You add the spells Freeze, Frozen Ramparts and Hailstorm to
                  | your library.
 18376 | Lair:4   | Reached skill level 5 in Dodging
 18440 | Lair:5   | Entered Level 5 of the Lair of Beasts
 18505 | Lair:5   | Received a gift from Okawaru
 18592 | Lair:5   | Found a staircase to the Slime Pits.
 18592 | Lair:5   | Found a viscous altar of Jiyva.
 18714 | Lair:5   | Identified the +2 pair of gloves "Ruegeef" {+Blink rC+ rN+
                  | Will-} (Okawaru gifted it to you on level 5 of the Lair of
                  | Beasts)
 18714 | Lair:5   | Received a gift from Okawaru
 18728 | Lair:5   | Reached XP level 14. HP: 106/124 MP: 13/19
 18755 | Lair:5   | Reached skill level 7 in Throwing
 18868 | Lair:5   | Reached skill level 16 in Unarmed Combat
 19441 | Lair:5   | Noticed a dire elephant
 19441 | Lair:5   | Noticed a dire elephant
 19642 | Orc:1    | Entered Level 1 of the Orcish Mines
 19782 | Orc:1    | Found a bloodstained altar of Trog.
 19839 | Orc:2    | Entered Level 2 of the Orcish Mines
 19979 | Orc:2    | Reached skill level 6 in Dodging
 20386 | Orc:2    | Reached skill level 12 in Fighting
 20635 | Orc:2    | Found a staircase to the Elven Halls.
 20860 | Orc:2    | Noticed Saint Roka
 20900 | Arena    | Entered the Arena
 20916 | Arena    | Killed Saint Roka
 20917 | Arena    | Reached skill level 8 in Throwing
 20917 | Arena    | Reached skill level 10 in Armour
 21228 | Orc:2    | Found Eroegoot's Antique Weapon Boutique.
 21244 | Orc:2    | Found Pixtypacs's Antique Armour Boutique.
 21251 | Orc:2    | Bought a shiny helmet for 285 gold pieces
 21289 | Orc:2    | Found Exur's General Store.
 21296 | Orc:2    | Bought a +1 helmet of see invisible for 181 gold pieces
 21296 | Orc:2    | Bought a scroll of enchant armour for 82 gold pieces
 21396 | Orc:2    | Found Ufor's Book Boutique.
 21766 | D:11     | Found a gateway to a bazaar.
 21790 | Bazaar   | Entered a bazaar
 21804 | Bazaar   | Found Jeinirgha's Weapon Emporium.
 21833 | Bazaar   | Found Neyhuz's Book Shoppe.
 21833 | Bazaar   | Found Mode's Antique Armour Emporium.
 21882 | Bazaar   | Bought a slimy scale mail for 342 gold pieces
 21882 | Bazaar   | Identified the +4 scale mail of the Hills {Rampage +Inv
                  | Str-3 Dex+3} (You bought it in a shop in a bazaar)
 21967 | D:11     | Killed Lodul
 21989 | D:11     | You pick up a book of the Wilderness and begin reading...
 22223 | D:12     | HP: 31/126 [kobold brigand/+0 short sword (7)]
 22229 | D:12     | HP: 11/126 [barbs]
 22591 | D:12     | Received a gift from Okawaru
 22818 | D:12     | Reached skill level 9 in Throwing
 22858 | D:12     | Noticed Psyche
 22862 | D:12     | Killed Psyche
 23119 | D:12     | Reached skill level 11 in Armour
 23609 | D:13     | Received a gift from Okawaru
 23825 | D:13     | Identified the +4 pearl dragon scales "Ymavolef" {rC+ rN+
                  | Dex+2} (Okawaru gifted it to you on level 13 of the
                  | Dungeon)
 23825 | D:13     | Received a gift from Okawaru
 23826 | D:13     | Reached XP level 15. HP: 125/132 MP: 20/20
 23849 | D:13     | j - the +4 pearl dragon scales "Ymavolef" {rC+ rN+ Dex+2,
                  | rare=g}
 23865 | D:13     | You finish putting on the +4 pearl dragon scales "Ymavolef"
                  | {rC+ rN+ Dex+2, rare=g}.
 23992 | D:13     | Noticed Snorg
 24014 | D:13     | Killed Snorg
 24308 | D:14     | Reached skill level 10 in Throwing
 24418 | D:14     | Reached skill level 12 in Armour
 24756 | D:14     | Noticed Rupert
 24775 | D:14     | Killed Rupert
 24844 | D:14     | Reached skill level 1 in Evocations
 24900 | D:14     | You pick up a book of Death and begin reading...
 25035 | D:14     | Reached skill level 3 in Stealth
 25043 | D:14     | Found a portal to a secret trove of treasure.
 25048 | D:14     | This trove needs 6 scrolls of blinking to function. Give it
                  | the items?
 25363 | D:14     | Found a gate to the Vaults.
 25369 | D:14     | Identified the -2 kite shield of the Hippo {Will+}
 25584 | D:15     | Entered Level 15 of the Dungeon
 25761 | D:15     | Noticed Nessos
 25791 | D:15     | Killed Nessos
 26122 | D:15     | Reached skill level 2 in Evocations
 26194 | D:15     | Reached skill level 4 in Stealth
 26240 | D:15     | Received a gift from Okawaru
 26311 | D:15     | Noticed Louise
 26329 | D:15     | Killed Louise
 26458 | D:15     | Found a staircase to the Depths.
 26514 | D:15     | Received a gift from Okawaru
 26664 | D:15     | Received a gift from Okawaru
 26869 | D:15     | Reached skill level 7 in Dodging
 26872 | D:15     | Reached skill level 3 in Evocations
 27037 | D:15     | Found a runed translucent door.
 27037 | D:15     | Found a shimmering altar of Xom.
 27037 | D:15     | Noticed Myatze's ghost (journeyman FeSu)
 27112 | D:15     | Identified the +1 pair of boots "Forep" {rCorr} (Okawaru
                  | gifted it to you on level 15 of the Dungeon)
 27112 | D:15     | Received a gift from Okawaru
 27113 | D:15     | Reached skill level 5 in Stealth
 27237 | D:15     | You pick up a book of Scorching and begin reading...
 27237 | D:15     | You add the spells Scorch and Flame Wave to your library.
 27862 | Spider:1 | Entered Level 1 of the Spider Nest
 27923 | Spider:1 | Reached XP level 16. HP: 106/141 MP: 18/21
 28214 | Spider:1 | You pick up a book of Displacement and begin reading...
 28214 | Spider:1 | You add the spells Lesser Beckoning, Gell's Gravitas and
                  | Teleport Other to your library.
 28496 | Spider:1 | Reached skill level 6 in Stealth
 28511 | Spider:1 | Reached skill level 13 in Fighting
 28511 | Spider:1 | Reached skill level 4 in Evocations
 29837 | Spider:2 | Found a transporter.
 29838 | Spider:2 | Noticed NinjaNoafa's ghost (journeyman MiMo)
 29947 | Spider:2 | Found a transporter.
 30040 | Spider:2 | Identified the +1 cloak "Wuecsazu" {Dex+3 Stlth+} (Okawaru
                  | gifted it to you on level 2 of the Spider Nest)
 30040 | Spider:2 | Received a gift from Okawaru
 30071 | Spider:2 | Reached skill level 17 in Unarmed Combat
 30087 | Spider:2 | Identified the +0 chain mail "Zahyipp" {rPois Will+ Int+4
                  | Stlth+}
 30770 | Spider:2 | Reached skill level 8 in Dodging
 30811 | Spider:3 | Upgraded the game from 0.30-a0-292-g0f741e3f8e to
                  | 0.30-a0-297-g0ec75d9ef4
 30907 | Spider:3 | Reached skill level 7 in Stealth
 31186 | Spider:3 | Noticed Bai Suzhen
 31205 | Spider:3 | Killed Bai Suzhen
 31206 | Spider:3 | Reached skill level 13 in Armour
 31230 | Spider:2 | Reached skill level 5 in Evocations
 31934 | Spider:2 | Reached XP level 17. HP: 71/150 MP: 22/22
 32597 | Spider:3 | You pick up a book of Unlife and begin reading...
 32850 | Spider:4 | Entered Level 4 of the Spider Nest
 32990 | Spider:3 | Received a gift from Okawaru
 33288 | Spider:3 | Reached skill level 8 in Stealth
 33425 | Spider:3 | Identified the +2 hat "Minkong" {rF+ rCorr Str+6} (Okawaru
                  | gifted it to you on level 3 of the Spider Nest)
 33425 | Spider:3 | Received a gift from Okawaru
 33946 | Spider:3 | Reached skill level 18 in Unarmed Combat
 34176 | Spider:3 | Reached skill level 6 in Evocations
 34239 | Spider:3 | Reached skill level 14 in Fighting
 34731 | Spider:4 | Reached skill level 9 in Dodging
 35042 | Spider:4 | Identified the +2 pair of boots of the Little Devil {Int+2}
 35055 | Spider:4 | Got a gossamer rune of Zot
 35605 | Shoals:1 | Entered Level 1 of the Shoals
 36014 | Lair:2   | Received a gift from Okawaru
 36092 | Lair:2   | Reached skill level 7 in Evocations
 36495 | Shoals:1 | Identified the ring "Ofeureiv" {rC+ rCorr Dex+3}
 36818 | D:14     | This trove needs 6 scrolls of blinking to function. Give it
                  | the items?
 36818 | D:14     | You paid a toll of 6 scrolls of blinking to enter a
                  | treasure trove
 36819 | Trove    | Entered a treasure trove
 36822 | Trove    | Found the +18 shield of the Gong {rElec rN+ Will+ EV-5}
 36822 | Trove    | Found the +0 pair of fencer's gloves {Riposte Dex+3}
 36829 | Trove    | Identified the +1 cloak of Death Resistance {rElec Will+
                  | Regen+ Str-4}
 36831 | Trove    | Identified the +1 buckler of Hofy {rN+ Slay-6 Stlth+}
 36836 | Trove    | Identified the +1 pair of gloves of the Bulwark {Will+
                  | Str+4}
 36839 | Trove    | Identified the +15 crystal plate armour of Unreason {Str+5
                  | Int+3}
 36840 | Trove    | D - the +15 crystal plate armour of Unreason {Str+5 Int+3,
                  | rare=g}
 36850 | Trove    | Identified the +1 crystal plate armour of the Breathing
                  | Gods {Will+}
 36851 | Trove    | G - the +1 crystal plate armour of the Breathing Gods
                  | {Will+, rare=g}
 36853 | Trove    | Identified the +0 cloak "Ybois" {rC+}
 36921 | D:14     | You finish taking off the +4 pearl dragon scales "Ymavolef"
                  | {rC+ rN+ Dex+2, rare=g}.
 36926 | D:14     | You finish putting on the +15 crystal plate armour of
                  | Unreason {Str+5 Int+3, rare=g}.
 36931 | D:14     | You finish taking off the +15 crystal plate armour of
                  | Unreason {Str+5 Int+3, rare=g}.
 36936 | D:14     | You finish putting on the +4 pearl dragon scales "Ymavolef"
                  | {rC+ rN+ Dex+2, rare=g}.
 36942 | D:14     | You finish taking off the +4 pearl dragon scales "Ymavolef"
                  | {rC+ rN+ Dex+2, rare=g}.
 36947 | D:14     | You finish putting on the +15 crystal plate armour of
                  | Unreason {Str+5 Int+3, rare=g}.
 36947 | D:14     | You drop the +4 pearl dragon scales "Ymavolef" {rC+ rN+
                  | Dex+2, rare=g}.
 36994 | D:14     | j - the +4 pearl dragon scales "Ymavolef" {rC+ rN+ Dex+2,
                  | rare=g}
 36995 | D:14     | You drop the +4 pearl dragon scales "Ymavolef" {rC+ rN+
                  | Dex+2, rare=g}.
 36997 | D:14     | You drop the +1 crystal plate armour of the Breathing Gods
                  | {Will+, rare=g}.
 37011 | D:14     | G - the +1 crystal plate armour of the Breathing Gods
                  | {Will+, rare=g}
 37011 | D:14     | j - the +4 pearl dragon scales "Ymavolef" {rC+ rN+ Dex+2,
                  | rare=g}
 37028 | D:14     | You drop the +4 pearl dragon scales "Ymavolef" {rC+ rN+
                  | Dex+2, rare=g}.
 37030 | D:14     | You drop the +1 crystal plate armour of the Breathing Gods
                  | {Will+, rare=g}.
 37314 | Shoals:1 | Found a runed translucent gate.
 37314 | Shoals:1 | Found a runed translucent gate.
 37314 | Shoals:1 | Found a runed translucent gate.
 37316 | Shoals:1 | Found an opulent altar of Gozag.
 37317 | Shoals:1 | Noticed Ciuc's ghost (adept GrEE)
 37631 | Shoals:1 | Received a gift from Okawaru
 37655 | Shoals:1 | Reached skill level 14 in Armour
 38102 | Shoals:2 | Noticed Polyphemus
 38225 | Shoals:2 | Reached XP level 18. HP: 160/160 MP: 23/23
 38412 | Shoals:2 | Reached skill level 6 in Shields
 38456 | Shoals:1 | Killed Polyphemus
 38456 | Shoals:1 | Identified the +2 pair of boots "Urpheric" {rCorr Str+6
                  | Dex-4 SInv} (Okawaru gifted it to you on level 1 of the
                  | Shoals)
 38456 | Shoals:1 | Received a gift from Okawaru
 38457 | Shoals:1 | Reached skill level 10 in Dodging
 38572 | Shoals:2 | You are sucked into a shaft and drop 1 floor!
 39212 | Shoals:3 | Found Qienich's Distillery.
 39385 | Shoals:3 | Reached skill level 8 in Evocations
 39396 | Shoals:3 | Reached skill level 7 in Shields
 40151 | Shoals:3 | Reached skill level 8 in Shields
 40243 | Shoals:4 | Entered Level 4 of the Shoals
 40243 | Shoals:4 | Identified a scroll of acquirement
 40243 | Shoals:4 | Found Weotiuki's Antique Armour Shop.
 40246 | Shoals:4 | Acquired 756 gold pieces
 40464 | Shoals:4 | Identified the +5 dagger "Ybrium" {vamp, rF+ Will+ Dex+3}
 40513 | Shoals:3 | Reached skill level 9 in Shields
 41014 | Shoals:3 | Received a gift from Okawaru
 41088 | Shoals:3 | Reached skill level 10 in Shields
 41104 | Shoals:4 | Noticed Mara
 41149 | Shoals:4 | Killed Mara
 41303 | Shoals:4 | Found Terias's Antique Armour Shop.
 41425 | Shoals:4 | You pick up a book of Cantrips and begin reading...
 41425 | Shoals:4 | You add the spells Necrotise and Apportation to your
                  | library.
 41447 | Shoals:4 | Got a barnacled rune of Zot
 41453 | Shoals:4 | Found Xusulemi's Armour Emporium.
 41478 | Shoals:4 | Identified the +1 scale mail "Faned" {rN+}
 41513 | Shoals:4 | Reached skill level 11 in Shields
 41588 | Shoals:4 | You pick up a book of Cantrips and begin reading...
 41937 | Shoals:3 | Bought a potion of heal wounds for 90 gold pieces
 41937 | Shoals:3 | Bought a potion of resistance for 180 gold pieces
 41937 | Shoals:3 | Bought a potion of resistance for 180 gold pieces
 41937 | Shoals:3 | Bought 2 potions of haste for 360 gold pieces
 41937 | Shoals:3 | Bought a potion of heal wounds for 90 gold pieces
 42183 | Vaults:1 | Entered Level 1 of the Vaults
 42381 | Elf:1    | Entered Level 1 of the Elven Halls
 42563 | Elf:1    | Reached skill level 12 in Shields
 42567 | Elf:1    | Reached XP level 19. HP: 146/167 MP: 24/24
 42851 | Elf:1    | You pick up a book of the Tundra and begin reading...
 42892 | Elf:1    | Got Owoan's Guidebook on Mustering
 43091 | Elf:1    | Found a radiant altar of Vehumet.
 43245 | Elf:2    | Noticed Nikola
 43257 | Elf:1    | Identified the +1 robe of Greater Demons {Dex+3} (Okawaru
                  | gifted it to you on level 1 of the Elven Halls)
 43257 | Elf:1    | Received a gift from Okawaru
 43291 | Elf:1    | Killed Nikola
 43511 | Elf:2    | Reached skill level 13 in Shields
 43541 | Elf:2    | Identified the ring "Cerossosy" {Fly Will+ Int+2 Dex-3}
 43593 | Elf:2    | Identified the +4 dagger of Duadiu {venom, *Rage rPois
                  | SInv}
 43866 | Elf:2    | Found Tirim Tiann's General Store.
 43934 | Elf:2    | Found a huge runed translucent gate.
 43934 | Elf:2    | Found a huge runed translucent gate.
 43934 | Elf:2    | Found a huge runed translucent gate.
 43934 | Elf:2    | Found a huge runed translucent gate.
 43938 | Elf:2    | Found a huge runed translucent gate.
 44138 | Elf:2    | You pick up a book of Misfortune and begin reading...
 44138 | Elf:2    | You add the spells Yara's Violent Unravelling and Enfeeble
                  | to your library.
 44301 | Elf:3    | Entered Level 3 of the Elven Halls
 44353 | Elf:3    | Noticed a Tzitzimitl
 44360 | Elf:3    | Noticed an Ice Fiend
 44365 | Elf:3    | HP: 14/167 [Tzitzimitl/dispel undead[a deep elf
                  | demonologist] (59)]
 44665 | Elf:3    | Found a flickering gateway to a bazaar.
 44684 | Bazaar   | Entered a bazaar
 44702 | Bazaar   | Found Jicom's Assorted Antiques.
 44718 | Bazaar   | Found Cowaexas's Jewellery Emporium.
 44738 | Bazaar   | Found Reaneh's General Store.
 44748 | Bazaar   | Found Gaofag's Jewellery Shop.
 44762 | Bazaar   | Found Laxinn's Jewellery Boutique.
 44823 | Bazaar   | Bought an amulet of reflection for 240 gold pieces
 44843 | Bazaar   | Bought the ring of Diorph {rPois rF+ Will+ Str-4 Dex+2} for
                  | 312 gold pieces
 44843 | Bazaar   | Bought a +6 ring of strength for 288 gold pieces
 44940 | Elf:3    | a deep elf zephyrmancer comes into view. It is wielding the
                  | +7 sceptre of Torment {pain, torment}, wearing a +1 leather
                  | armour of cold resistance and carrying a wand of iceblast
                  | (4).
 44947 | Elf:3    | Noticed a Hell Sentinel
 44962 | Elf:3    | Noticed a Brimstone Fiend
 45014 | Elf:3    | HP: 34/168 [deep elf sorcerer/damnation (36)]
 45140 | Elf:3    | Received a gift from Okawaru
 45235 | Elf:3    | Reached skill level 9 in Invocations
 45237 | Elf:3    | Noticed a Hell Sentinel
 45237 | Elf:3    | Identified the +10 halberd "Soloykil" {flame, rPois}
 45245 | Elf:3    | Noticed a Brimstone Fiend
 45260 | Elf:3    | Identified the +3 long sword "Xabbyofu" {spect, rC++ rN+
                  | Int+3 Dex-2}
 45269 | Elf:3    | Received a gift from Okawaru
 45273 | Elf:3    | Identified the +7 trident "Ludeuzu" {vorpal, rC+ rN+ Str+2
                  | Int-4}
 45420 | Elf:2    | Received a gift from Okawaru
 45421 | Elf:2    | Reached skill level 14 in Shields
 45616 | Elf:3    | Reached XP level 20. HP: 162/176 MP: 26/26
 46119 | Elf:3    | Identified the +1 chain mail of Zin's Generosity {rC+}
 46144 | Elf:3    | Found the +6 arbalest "Damnation" {damnation}
 46160 | Elf:3    | Got Zykhlarcho's Tome of Generation {@e2}
 46164 | Elf:3    | You pick up a book of Vapours and begin reading...
 46164 | Elf:3    | You add the spells Poisonous Vapours, Cigotuvi's Dreadful
                  | Rot and Mephitic Cloud to your library.
 46297 | Elf:3    | You pick up a book of Sloth and begin reading...
 46302 | Elf:3    | You pick up a book of Flames and begin reading...
 46991 | Vaults:1 | Reached skill level 15 in Fighting
 47212 | Vaults:1 | Found Raphorab's Distillery.
 47220 | Vaults:1 | Bought a potion of haste for 170 gold pieces
 47220 | Vaults:1 | Bought a potion of heal wounds for 85 gold pieces
 47220 | Vaults:1 | Bought a potion of heal wounds for 85 gold pieces
 47301 | Vaults:1 | Received a gift from Okawaru
 47305 | Vaults:1 | Reached skill level 10 in Invocations
 47589 | Vaults:1 | Reached skill level 19 in Unarmed Combat
 47654 | Vaults:1 | Reached skill level 15 in Armour
 47702 | Vaults:1 | Noticed Aizul
 47721 | Vaults:1 | Killed Aizul
 47827 | Vaults:1 | Identified the +7 short sword of Beyond {vorpal, Str+2
                  | Int-4 Dex+4}
 47985 | Vaults:1 | You pick up a book of Transfigurations {@e2} and begin
                  | reading...
 48436 | Vaults:1 | Identified the +5 falchion of Zestis {vorpal, Str+4 Int+3}
                  | (Okawaru gifted it to you on level 1 of the Vaults)
 48436 | Vaults:1 | Received a gift from Okawaru
 48641 | Vaults:2 | Reached skill level 16 in Fighting
 48891 | Vaults:2 | Received a gift from Okawaru
 49384 | Vaults:2 | Found a runed translucent gate.
 49384 | Vaults:2 | Found a runed translucent gate.
 49384 | Vaults:2 | Found a runed translucent gate.
 49400 | Vaults:2 | Reached XP level 21. HP: 189/189 MP: 27/27
 49640 | Vaults:2 | You pick up a book of Weapons and begin reading...
 49653 | Vaults:2 | You fall into a shaft and drop 2 floors!
 49838 | Vaults:4 | Reached skill level 20 in Unarmed Combat
 49877 | Vaults:4 | Reached skill level 16 in Armour
 49912 | Vaults:4 | Reached skill level 17 in Fighting
 49922 | Vaults:4 | Identified the +2 ring mail of the Distant Future {Str+3}
 49930 | Vaults:4 | Received a gift from Okawaru
 49992 | Vaults:4 | +0 storm dragon scales {rare}; a storm dragon corpse
 50012 | Vaults:4 | Found a crumbling gateway.
 50035 | Vaults:4 | Found the +8 storm bow {elec, penet}
 50158 | Vaults:4 | Reached skill level 18 in Fighting
 50534 | Vaults:3 | Received a gift from Okawaru
 50621 | Vaults:2 | Noticed Getoffmy's ghost (veteran GrFi)
 51050 | Vaults:3 | Identified the +8 dagger "Juivuica" {freeze, *Noise rElec
                  | Will+}
 51129 | Vaults:3 | Identified the +1 pair of boots of Amorality {+Inv rC+}
                  | (Okawaru gifted it to you on level 3 of the Vaults)
 51129 | Vaults:3 | Received a gift from Okawaru
 51478 | Vaults:3 | Found a staircase to the Crypt.
 51478 | Vaults:3 | Found an ancient bone altar of Kikubaaqudgha.
 51479 | Vaults:3 | Found a basalt altar of Yredelemnul.
 51768 | Vaults:3 | Reached XP level 22. HP: 203/203 MP: 29/29
 51776 | Vaults:3 | You pick up a book of Scorching and begin reading...
 52136 | Vaults:4 | Reached skill level 11 in Invocations
 52653 | Vaults:4 | Could not pick up +0 storm dragon scales {rare} here;
                  | ([A]lways) ignore it?
 53057 | Depths:1 | Entered Level 1 of the Depths
 53493 | Depths:1 | Reached skill level 11 in Throwing
 53666 | Depths:1 | Found Dujettim's Antique Weapon Emporium.
 53666 | Depths:1 | Found Bewikio's Assorted Antiques.
 53829 | Depths:1 | Identified the +0 scale mail "Caamuid" {Rampage Stlth+}
                  | (Okawaru gifted it to you on level 1 of the Depths)
 53829 | Depths:1 | Received a gift from Okawaru
 53864 | Depths:1 | Bought a potion of curing for 114 gold pieces
 53864 | Depths:1 | Bought a scroll of fear for 152 gold pieces
 53918 | Depths:1 | Found an iron altar of Okawaru.
 53936 | Depths:1 | Found a one-way gate to the infinite horrors of the Abyss.
 54104 | Depths:1 | Found a gateway to Hell.
 54808 | Depths:1 | Reached skill level 19 in Fighting
 54962 | Depths:1 | Reached skill level 12 in Invocations
 54964 | Depths:2 | Noticed a golden dragon
 54988 | Depths:2 | Killed a golden dragon
 55021 | Depths:2 | Reached skill level 21 in Unarmed Combat
 55049 | Depths:2 | Found Matuy's Island Escapes.
 55508 | Depths:2 | Found a runed translucent door.
 55511 | Depths:2 | Noticed a golden dragon
 55522 | Depths:2 | Killed a golden dragon
 55522 | Depths:2 | Identified +0 gold dragon scales
 55523 | Depths:2 | Found a runed translucent door.
 55524 | Depths:2 | +0 gold dragon scales {rare}; a golden dragon corpse
 55526 | Depths:2 | Noticed a juggernaut
 55535 | Depths:2 | Identified the +11 long sword "Xodaich" {chaos, Will+ rCorr
                  | MP+9 Dex+3}
 55556 | Depths:2 | Killed a juggernaut
 55557 | Depths:2 | Reached skill level 17 in Armour
 55772 | Depths:1 | Identified the +2 plate armour of Pucs {rC++ Str-2}
                  | (Okawaru gifted it to you on level 1 of the Depths)
 55772 | Depths:1 | Received a gift from Okawaru
 55773 | Depths:1 | Reached XP level 23. HP: 213/213 MP: 31/31
 55877 | Depths:2 | +0 gold dragon scales {rare}; a golden dragon skeleton
 55877 | Depths:2 | +0 gold dragon scales {rare}; a golden dragon skeleton
 55877 | Depths:2 | Could not pick up +0 gold dragon scales {rare} here;
                  | ([A]lways) ignore it?
 55878 | Depths:2 | +0 shadow dragon scales {rare}; a shadow dragon skeleton
 55878 | Depths:2 | +0 shadow dragon scales {rare}; a shadow dragon skeleton
 55878 | Depths:2 | Could not pick up +0 shadow dragon scales {rare} here;
                  | ([A]lways) ignore it?
 55884 | Depths:2 | Got Sif Muna's Anthology of Loathsome Combustion
 55907 | Depths:2 | +0 gold dragon scales {rare}; a golden dragon skeleton
 56308 | Depths:2 | Found a one-way gate leading to the halls of Pandemonium.
 56598 | Depths:2 | Found a runed translucent gate.
 56598 | Depths:2 | Found a runed translucent gate.
 56598 | Depths:2 | Found a runed translucent gate.
 56599 | Depths:2 | Noticed Ydiegh's ghost (veteran SpVM)
 56692 | Depths:3 | Found a one-way gateway to a ziggurat.
 56782 | Depths:3 | Noticed a shard shrike
 56782 | Depths:3 | Noticed a shard shrike
 56858 | Depths:3 | Noticed a shard shrike
 56865 | Depths:3 | Killed a shard shrike
 56866 | Depths:3 | Reached skill level 12 in Throwing
 56884 | Depths:2 | Killed a shard shrike
 56918 | Depths:3 | Killed a shard shrike
 57064 | Depths:3 | Reached skill level 13 in Invocations
 57375 | Depths:3 | Identified +8 gold dragon scales
 57375 | Depths:3 | Noticed Parghit
 57381 | Depths:3 | Killed Parghit
 57386 | Depths:3 | K - +8 gold dragon scales {rare}
 57467 | Depths:2 | You finish taking off the +15 crystal plate armour of
                  | Unreason {Str+5 Int+3, rare=g}.
 57472 | Depths:2 | You finish putting on your +8 gold dragon scales {rare}.
 57477 | Depths:2 | You finish taking off your +8 gold dragon scales {rare}.
 57482 | Depths:2 | You finish putting on the +15 crystal plate armour of
                  | Unreason {Str+5 Int+3, rare=g}.
 57487 | Depths:2 | You finish taking off the +15 crystal plate armour of
                  | Unreason {Str+5 Int+3, rare=g}.
 57492 | Depths:2 | You finish putting on your +8 gold dragon scales {rare}.
 57497 | Depths:2 | You finish taking off your +8 gold dragon scales {rare}.
 57502 | Depths:2 | You finish putting on the +15 crystal plate armour of
                  | Unreason {Str+5 Int+3, rare=g}.
 57554 | Depths:2 | You drop +8 gold dragon scales {rare}.
 57682 | Depths:3 | Acquired a manual of Dodging
 57715 | Depths:3 | You pick up a book of Power and begin reading...
 58357 | Depths:4 | Entered Level 4 of the Depths
 58634 | Depths:4 | Found a gate to the Realm of Zot.
 58634 | Depths:4 | Noticed a golden dragon
 58678 | Depths:4 | Killed a golden dragon
 58687 | Depths:4 | +0 storm dragon scales {rare}; a storm dragon corpse
 58698 | Depths:4 | +0 storm dragon scales {rare}; a fire dragon corpse; a
                  | storm dragon corpse
 58701 | Depths:4 | Identified the +1 hat "Sumadurhi" {Int+5} (Okawaru gifted
                  | it to you on level 4 of the Depths)
 58701 | Depths:4 | Received a gift from Okawaru
 59677 | Depths:4 | Identified the +9 scimitar "Jihynuet" {holy, rF+ Str+3
                  | Dex+3}
 59710 | Depths:4 | the +1 hat "Sumadurhi" {Int+5}; +0 storm dragon scales
                  | {rare}
 59956 | Crypt:1  | Entered Level 1 of the Crypt
 60021 | Crypt:1  | Reached skill level 20 in Fighting
 60341 | Crypt:1  | Reached skill level 11 in Dodging
 60636 | Crypt:1  | Reached XP level 24. HP: 224/224 MP: 32/32
 61114 | Crypt:2  | Noticed a curse skull
 61130 | Crypt:1  | Reached skill level 14 in Invocations
 61185 | Crypt:2  | Killed a curse skull
 61192 | Crypt:2  | Reached skill level 13 in Throwing
 61217 | Crypt:1  | Reached skill level 22 in Unarmed Combat
 61311 | Crypt:2  | Found a magical portal.
 61318 | WizLab   | Entered Iskenderun's Mystic Tower
 61465 | WizLab   | Reached skill level 18 in Armour
 61465 | WizLab   | Reached skill level 12 in Dodging
 61624 | WizLab   | Identified the +2 pair of gloves of Vexation {*Slow +Inv
                  | Str-4 Int+9} (Okawaru gifted it to you in a wizard's
                  | laboratory)
 61624 | WizLab   | Received a gift from Okawaru
 62048 | WizLab   | You pick up a book of the Spheres and begin reading...
 62048 | WizLab   | You add the spells Fireball and Conjure Ball Lightning to
                  | your library.
 62048 | WizLab   | You add the spells Leda's Liquefaction and Shatter to your
                  | library.
 62048 | WizLab   | Got Dispater's Lessons on Hindering Bedrock
 62060 | WizLab   | You add the spells Iskenderun's Mystic Blast, Arcjolt,
                  | Starburst and Chain Lightning to your library.
 62060 | WizLab   | Got Iskenderun's Encyclopedia of Damage Dealing
 62060 | WizLab   | Got Iskenderun's Guide on Conjury
 62060 | WizLab   | You pick up a book of Scorching and begin reading...
 62075 | WizLab   | Identified the +5 whip of Duty {flame, rF+++ Int-5 Dex+2
                  | SInv}
 62075 | WizLab   | Identified a +2 robe of the Archmagi
 62340 | Crypt:2  | Identified the +11 sling of Infinite Pain {flame, rC+++
                  | Will++ Dex-4 Stlth+}
 62484 | Crypt:2  | Identified the amulet of Mewiof {Regen+ Str+3}
 62488 | Crypt:2  | Found a transporter.
 62494 | Crypt:2  | Found a radiant altar of Vehumet.
 62601 | Crypt:3  | Entered Level 3 of the Crypt
 62719 | Crypt:3  | Reached skill level 13 in Dodging
 62761 | Crypt:3  | Reached skill level 15 in Invocations
 62774 | Crypt:3  | Found a basalt altar of Yredelemnul.
 62805 | Crypt:3  | Noticed Mennas
 62847 | Crypt:3  | Killed Mennas
 62906 | Crypt:3  | Noticed Zenata
 63046 | Crypt:3  | Killed Zenata
 63048 | Crypt:3  | a +2 triple sword {longrare=g}; a +2 ring mail of cold
                  | resistance; the human corpse of Zenata
 63072 | Crypt:3  | a +2 triple sword {longrare=g}; a +2 ring mail of cold
                  | resistance; the human corpse of Zenata
 63072 | Crypt:3  | a +2 triple sword {longrare=g}; a +2 ring mail of cold
                  | resistance; the human corpse of Zenata
 63072 | Crypt:3  | Could not pick up a +2 triple sword {longrare=g} here;
                  | ([A]lways) ignore it?
 63189 | Crypt:3  | Reached skill level 16 in Invocations
 63307 | Crypt:3  | Identified the ring "Ekyull" {rElec rPois}
 63361 | Crypt:3  | Reached skill level 14 in Dodging
 63387 | Crypt:3  | Noticed a dread lich
 63414 | Crypt:3  | Killed a dread lich
 63459 | Crypt:3  | Reached skill level 15 in Dodging
 63461 | Crypt:3  | Received a gift from Okawaru
 63493 | Crypt:3  | Found a staircase to the Tomb.
 63512 | Crypt:3  | Identified the ring "Payhics" {*Slow rN+ Str+4 Dex+5}
 63512 | Crypt:3  | Identified the ring "Coogem" {rF+ rN+}
 63512 | Crypt:3  | Identified the ring of Bystry {rN+ Int+2}
 63650 | Crypt:3  | Identified the +9 dagger of Uncertain Death {vorpal, *Slow
                  | +Blink rPois Dex+4}
 63739 | Crypt:3  | Identified the +1 pair of boots of Wrong Decisions {Fly rC+
                  | Will+} (Okawaru gifted it to you on level 3 of the Crypt)
 63739 | Crypt:3  | Received a gift from Okawaru
 63772 | Crypt:3  | You pick up a book of Hexes and begin reading...
 63983 | Crypt:3  | You pick up a book of Beasts and begin reading...
 64179 | Vaults:5 | Entered Level 5 of the Vaults
 64192 | Vaults:5 | Noticed a dread lich
 64209 | Vaults:5 | Reached skill level 16 in Dodging
 64218 | Vaults:5 | Reached XP level 25. HP: 231/231 MP: 34/34
 64226 | Vaults:5 | Killed a dread lich
 64290 | Vaults:5 | Identified a +0 crystal plate armour
 64345 | Vaults:5 | +0 storm dragon scales {rare}; a storm dragon corpse
 64347 | Vaults:5 | +0 storm dragon scales {rare}; a storm dragon corpse
 64492 | Vaults:5 | Noticed an ancient lich
 64494 | Vaults:5 | +0 storm dragon scales {rare}; a storm dragon corpse
 64503 | Vaults:5 | Killed an ancient lich
 64503 | Vaults:5 | Received a gift from Okawaru
 64507 | Vaults:5 | +0 storm dragon scales {rare}; a storm dragon corpse
 64521 | Vaults:5 | Reached skill level 17 in Invocations
 64533 | Vaults:5 | +0 storm dragon scales {rare}; a storm dragon corpse
 64536 | Vaults:5 | +0 storm dragon scales {rare}; a storm dragon corpse
 64537 | Vaults:5 | Reached skill level 14 in Throwing
 64539 | Vaults:5 | +0 storm dragon scales {rare}; a storm dragon corpse
 64543 | Vaults:5 | +0 storm dragon scales {rare}; a storm dragon corpse
 64561 | Vaults:5 | +0 storm dragon scales {rare}; a storm dragon corpse
 64569 | Vaults:5 | Reached skill level 21 in Fighting
 64577 | Vaults:5 | Received a gift from Okawaru
 64612 | Vaults:5 | Noticed an ancient lich
 64628 | Vaults:5 | Killed an ancient lich
 64629 | Vaults:5 | Reached skill level 9 in Stealth
 64663 | Vaults:5 | Identified the +9 crystal plate armour "Dorch" {rC+}
                  | (Okawaru gifted it to you on level 5 of the Vaults)
 64663 | Vaults:5 | Received a gift from Okawaru
 64709 | Vaults:5 | Could not pick up the +9 crystal plate armour "Dorch" {rC+,
                  | rare=g} here; ([A]lways) ignore it?
 64709 | Vaults:5 | Could not pick up the +9 crystal plate armour "Dorch" {rC+,
                  | rare=g} here; ([A]lways) ignore it?
 64710 | Vaults:5 | Could not pick up quicksilver dragon scales {rare} here;
                  | ([A]lways) ignore it?
 64728 | Vaults:5 | Could not pick up a +0 crystal plate armour {rare=g} here;
                  | ([A]lways) ignore it?
 64775 | Vaults:5 | Identified the +0 ring mail of Ossaasue {Rampage Int-5
                  | SInv}
 64788 | Vaults:5 | You add the spells Kiss of Death, Sting, Searing Ray and
                  | Eringya's Noxious Bog to your library.
 64788 | Vaults:5 | Got the Dissertation on Violent Metamorphosis
 64832 | Vaults:5 | Identified the ring "Nudag" {Str+3 Int+6}
 64919 | Vaults:5 | Identified the +7 broad axe of the Chewing Ancients {speed,
                  | rPois rF+++ MP+9 Stlth-}
 64919 | Vaults:5 | Identified the amulet "Gidut" {Acrobat Fragile Str+6}
 64962 | Vaults:5 | Got the Catalogue of Snow
 65144 | Vaults:5 | Identified the +2 cloak "Bug Ifoz" {Dex+2}
 65248 | Vaults:5 | You pick up a book of the Tundra and begin reading...
 65256 | Vaults:5 | You pick up a book of Air and begin reading...
 65375 | Vaults:5 | Identified the ring "Wuill" {rC++ AC+4}
 65383 | Vaults:5 | Got a silver rune of Zot
 65849 | Depths:4 | the +1 hat "Sumadurhi" {Int+5}; +0 storm dragon scales
                  | {rare}
 65876 | Zot:1    | Entered Level 1 of the Realm of Zot
 65952 | Zot:1    | +0 storm dragon scales {rare}; a storm dragon corpse
 66016 | Zot:1    | You pick up a book of Lightning and begin reading...
 66016 | Zot:1    | You add the spells Static Discharge, Vhi's Electric Charge
                  | and Lightning Bolt to your library.
 66035 | Zot:1    | Identified the ring "Bus Jesm" {Ice Dex+5 Stlth+}
 66035 | Zot:1    | Noticed Josephina
 66049 | Zot:1    | Killed Josephina
 66050 | Zot:1    | Reached skill level 10 in Stealth
 66257 | Zot:1    | Reached XP level 26. HP: 195/245 MP: 34/34
 66872 | Zot:2    | Noticed a Killer Klown
 66880 | Zot:2    | Killed a Killer Klown
 66888 | Zot:2    | +0 storm dragon scales {rare}; a storm dragon corpse
 67173 | Zot:2    | +0 storm dragon scales {rare}; a storm dragon skeleton
 67257 | Zot:2    | +0 storm dragon scales {rare}; a storm dragon skeleton
 67359 | Zot:2    | You pick up a book of Geomancy and begin reading...
 67359 | Zot:2    | You add the spells Sandblast, Passwall and Stone Arrow to
                  | your library.
 67384 | Zot:2    | Noticed a curse toe
 67388 | Zot:2    | Killed a curse toe
 67976 | Zot:3    | Noticed an electric golem
 67987 | Zot:2    | Killed an electric golem
 68019 | Arena    | Entered the Arena
 68020 | Arena    | Received a gift from Okawaru
 68056 | Zot:2    | Reached skill level 22 in Fighting
 68089 | Zot:2    | Identified the +1 crystal plate armour of the Bells {Will+
                  | Regen+} (Okawaru gifted it to you on level 2 of the Realm
                  | of Zot)
 68089 | Zot:2    | Received a gift from Okawaru
 68090 | Zot:2    | Reached skill level 18 in Invocations
 68290 | Zot:3    | Reached skill level 15 in Throwing
 68606 | Zot:2    | Reached skill level 19 in Armour
 69191 | Zot:3    | Got Peziru's Meditations on the Entourage and Outbursts
 69597 | Zot:4    | Noticed a Killer Klown
 69603 | Zot:4    | Killed a Killer Klown
 69743 | Zot:4    | Reached skill level 19 in Invocations
 69758 | Zot:4    | Noticed an electric golem
 69761 | Zot:4    | Identified the +4 scale mail of Wrong Decisions {Dex+3}
                  | (Okawaru gifted it to you on level 4 of the Realm of Zot)
 69761 | Zot:4    | Received a gift from Okawaru
 69773 | Zot:4    | Killed an electric golem
 69774 | Zot:4    | Reached XP level 27. HP: 145/254 MP: 31/35
 69896 | Zot:4    | Found a runed translucent door.
 69901 | Zot:4    | Noticed Joggorr's ghost (veteran OgBe)
 70122 | Zot:4    | Reached skill level 16 in Throwing
 70196 | Zot:4    | quicksilver dragon scales {rare}; a quicksilver dragon
                  | corpse
 70658 | Zot:4    | +0 storm dragon scales {rare}; a storm dragon corpse
 70768 | Zot:5    | Entered Level 5 of the Realm of Zot
 70784 | Zot:5    | Found a runed translucent door.
 70784 | Zot:5    | Found a shimmering altar of Xom.
 70784 | Zot:5    | Noticed Bealaq's ghost (legendary GnFE)
 70856 | Zot:5    | Identified +0 gold dragon scales
 70902 | Zot:5    | +0 gold dragon scales {rare}; a golden dragon corpse; a
                  | moth of wrath corpse
 71018 | Zot:5    | You pick up a book of the Dragon and begin reading...
 71295 | Zot:5    | You pick up a book of Cantrips and begin reading...
 71317 | Zot:5    | Noticed an orb of fire
 71340 | Zot:5    | Killed an orb of fire
 71470 | Zot:5    | Reached skill level 20 in Armour
 71570 | Zot:5    | Noticed an electric golem
 71595 | Zot:5    | Reached skill level 20 in Invocations
 71597 | Zot:5    | Killed an electric golem
 71621 | Zot:5    | Noticed an orb of fire
 71926 | Zot:5    | Noticed an orb of fire
 71942 | Zot:5    | Noticed an orb of fire
 71951 | Zot:5    | Killed an orb of fire
 71973 | Zot:5    | Killed an orb of fire
 72150 | Zot:5    | Noticed an orb of fire
 72153 | Zot:5    | Noticed an orb of fire
 72166 | Zot:5    | Noticed an orb of fire
 72169 | Zot:5    | Noticed an orb of fire
 72169 | Zot:5    | HP: 55/254 [orb of fire/bolt of fire (11)]
 72172 | Zot:5    | HP: 24/254 [orb of fire/bolt of fire (12)]
 72178 | Zot:5    | Killed from afar by an orb of fire

Vanquished Creatures
  2 dread liches
  3 orbs of fire (Zot:5)
  2 ancient liches (Vaults:5)
  Mara (Shoals:4)
  Mennas (Crypt:3)
  A juggernaut (Depths:2)
  Josephina (Zot:1)
  Parghit (Depths:3)
  Saint Roka (Arena)
  3 shard shrikes
  4 Killer Klowns
  Bai Suzhen (Spider:3)
  A curse toe (Zot:2)
  Nikola (Elf:1)
  10 golden dragons
  A profane servitor (Crypt:3)
  A bone dragon (Crypt:3)
  An iron giant (Zot:5)
  3 electric golems
  Zenata (Crypt:3)
  7 Orb Guardians (Zot:5)
  Rupert (D:14)
  13 tentacled monstrosities
  5 liches
  2 deep elf master archers (Elf:3)
  6 quicksilver dragons
  6 titans
  2 deep elf blademasters (Elf:3)
  A kraken (Shoals:3)
  Polyphemus (Shoals:1)
  7 sphinxes
  5 ancient champions
  Kirke (Lair:4)
  8 death cobs
  8 shadow dragons
  7 tengu reavers
  7 draconian monks
  16 storm dragons
  2 revenants
  6 fire giants
  5 ghost moths
  8 draconian knights
  8 emperor scorpions
  22 vault wardens
  6 deep elf sorcerers
  5 draconian scorchers
  5 frost giants
  Aizul (Vaults:1)
  Louise (D:15)
  7 iron dragons
  3 deep elf elementalists
  13 draconian stormcallers
  A curse skull (Crypt:2)
  16 ironbound preservers
  A spectral juggernaut (Crypt:3)
  2 ghouls
  8 draconian shifters
  9 draconian annihilators
  33 very ugly things
  12 stone giants
  3 war gargoyles
  A reaper (Crypt:2)
  4 broodmothers (Spider:2)
  9 deep elf demonologists
  6 ironbound thunderhulks
  7 vampire knights
  6 green draconians
  16 black draconians
  Nessos (D:15)
  13 white draconians
  10 deep elf annihilators
  11 dire elephants
  12 red draconians
  A minotaur (shapeshifter) (Vaults:4)
  6 spark wasps
  2 crystal guardians
  16 yellow draconians
  An eidolon (Crypt:1)
  28 purple draconians
  22 ettins
  9 statues (WizLab)
  10 deep elf death magi
  4 fire dragons
  A merfolk javelineer (Shoals:3)
  A blizzard demon (Depths:3)
  8 merfolk impalers (Shoals:3)
  Snorg (D:13)
  26 jiangshi
  3 deep elf high priests
  6 great orbs of eyes
  34 vault guards
  7 entropy weavers
  2 rakshasas
  5 ice dragons
  3 spriggan air magi
  11 yaktaur captains
  3 jorogumos
  A jorogumo (shapeshifter) (Elf:1)
  3 peacekeepers
  5 hydras
  2 spriggan skeletons
  2 merfolk avatars
  2 merfolk aquamancers (Shoals:3)
  A catoblepas (Shoals:2)
  11 centaur warriors
  6 dancing weapons
  4 two-headed ogres
  3 radroaches
  3 tengu warriors
  10 boulder beetles
  7 ironbound frosthearts
  3 alligator snapping turtles (Shoals:3)
  7 satyrs
  9 vampire magi
  3 death knights (Crypt:3)
  5 deep troll earth magi
  7 death yaks
  A two-headed ogre (shapeshifter) (Vaults:5)
  7 deep troll shamans
  Urug (Lair:4)
  An orc high priest (Orc:2)
  A hell hog (Depths:1)
  16 deep elf knights
  A soul eater (Crypt:1)
  4 spriggan berserkers (Depths:1)
  6 hell knights
  A shadow wraith (Crypt:2)
  2 sun demons
  Amaemon (Lair:1)
  2 large abominations (Crypt:3)
  3 iron trolls
  24 skeletal warriors
  Lodul (D:11)
  5 pharaoh ants
  A shadow demon (Depths:2)
  60 deep trolls
  6 steelbarb worms
  15 sea snakes
  A swamp dragon (shapeshifter) (Depths:4)
  7 flayed ghosts
  A goliath frog (shapeshifter) (Vaults:5)
  7 orb spiders
  17 deep elf archers
  3 orange crystal statues
  3 spriggan simulacra
  3 obsidian statues
  2 glowing orange brains
  11 wizards
  3 lindwurms
  A sphinx zombie (Vaults:4)
  23 harpies
  24 deep elf pyromancers
  18 ironbound convokers
  4 orc knights
  3 orc sorcerers
  19 phantasmal warriors
  25 deep elf zephyrmancers
  6 necromancers
  26 wolf spiders
  A human zombie (Vaults:4)
  A golden dragon skeleton (Crypt:2)
  14 cyclopes
  A shining eye (shapeshifter) (Depths:2)
  66 ugly things
  9 fauns
  A sphinx skeleton (Vaults:4)
  16 manticores
  A goliath frog skeleton (Crypt:1)
  36 moths of wrath
  A titan simulacrum (Depths:3)
  2 salamanders (Depths:1)
  4 black mambas
  13 elephants
  15 vault sentinels
  A human skeleton (Vaults:5)
  7 merfolk sirens
  Maurice (D:8)
  2 frost giant skeletons
  An alligator snapping turtle zombie (Crypt:2)
  6 cane toads
  2 smoke demons
  3 gargoyles
  A storm dragon simulacrum (Zot:1)
  2 orange demons
  A water nymph (Shoals:3)
  4 rust devils (Depths:1)
  A dire elephant skeleton (Crypt:1)
  2 efreet (D:15)
  9 torpor snails
  A hellion (Depths:1)
  A rime drake (Lair:2)
  A centaur skeleton (Crypt:1)
  A yaktaur zombie (Vaults:4)
  Psyche (D:12)
  4 kobold demonologists (D:12)
  5 demonic crawlers
  A catoblepas zombie (Crypt:2)
  23 yaktaurs
  An unseen horror (D:12)
  18 tengu conjurers (WizLab)
  9 komodo dragons
  2 golden dragon simulacra (Depths:3)
  13 freezing wraiths
  A spectral harpy (Crypt:3)
  A harpy zombie (Crypt:1)
  18 tarantellas
  16 merfolk
  7 trolls
  A troll (shapeshifter) (Elf:3)
  A polar bear (Lair:5)
  A shadow dragon simulacrum (Zot:1)
  A slime creature (shapeshifter) (D:15)
  33 slime creatures
  3 meliai (D:14)
  4 wind drakes
  5 blink frogs
  16 dream sheep
  A snapping turtle (shapeshifter) (Depths:2)
  11 snapping turtles
  46 flying skulls
  A culicivora (shapeshifter) (Elf:3)
  4 shadows
  An air elemental (Elf:1)
  23 culicivoras
  Sigmund (D:3)
  32 jumping spiders
  2 vampires
  2 hogs (Lair:4)
  A spriggan (shapeshifter) (Depths:2)
  14 water elementals
  A wyvern (Lair:3)
  4 wraiths
  2 black mamba skeletons (Crypt:1)
  A fire bat (shapeshifter) (Vaults:4)
  57 yaks
  5 basilisks
  11 humans
  A fire elemental (Elf:2)
  55 redbacks
  A chaos spawn (Depths:2)
  2 red draconian simulacra (Zot:1)
  A steam dragon (D:6)
  9 vampire mosquitoes
  3 wargs
  2 glowing shapeshifter zombies (Vaults:4)
  9 water moccasins
  A water moccasin (shapeshifter) (D:14)
  An acid dragon (D:11)
  2 ogre skeletons
  A moth of wrath simulacrum (Zot:1)
  2 small abominations (Crypt:3)
  A demonspawn skeleton (Crypt:1)
  22 orc warriors
  2 black bears
  3 ice beasts
  16 wolves
  9 ogres
  12 centaurs
  3 boggarts (Vaults:1)
  A phantom (D:5)
  15 bullfrogs
  4 kobold brigands
  2 earth elementals
  11 necrophages
  An elf zombie (Ossuary)
  4 scorpions
  A yak zombie (Crypt:2)
  A troll zombie (Crypt:1)
  8 wights
  16 killer bees
  A killer bee (shapeshifter) (Vaults:2)
  A raiju skeleton (Crypt:2)
  3 howler monkeys
  2 electric eels
  2 centaur zombies (Ossuary)
  14 orc priests
  2 gnoll boudas
  3 hounds
  15 jellies
  5 iguanas
  18 orc wizards
  Terence (D:2)
  A polar bear simulacrum (Lair:2)
  3 ogre zombies (Ossuary)
  A hound zombie (Crypt:1)
  7 mummies (Ossuary)
  A howler monkey zombie (Crypt:2)
  16 gnolls
  14 adders
  5 river rats (Sewer)
  A white imp (Vaults:4)
  2 ufetubi
  5 adder zombies (Ossuary)
  5 worms
  4 dart slugs
  49 orcs
  12 ball pythons
  8 endoplasms
  8 giant cockroaches
  4 goblins
  7 hobgoblins
  7 jackals
  3 quokkas (D:1)
  13 bats
  7 frilled lizards
  5 goblin zombies (Ossuary)
  4 hobgoblin skeletons
  4 hobgoblin zombies
  11 kobolds
  2 kobold zombies (Ossuary)
  4 quokka zombies (Ossuary)
  4 rats
  5 rat zombies (Ossuary)
  A butterfly (Lair:5)
2231 creatures vanquished.

Vanquished Creatures (others)
  A draconian knight (Zot:4)
  A red draconian (Zot:1)
  A deep elf death mage (Elf:3)
  A vault guard (Vaults:5)
  A pharaoh ant (Spider:1)
  A deep elf zephyrmancer (Elf:2)
  A deep elf pyromancer (Elf:2)
  25 fungi
  6 pillars of salt (Vaults:4)
  158 plants
  4 tentacles (Shoals:3)
  6 withered plants
206 creatures vanquished.

Grand Total: 2437 creatures vanquished

Table legend:
 A = Non-vault XP
 B = Vault XP
 C = Vault XP percentage of total XP
 D = Non-vault monster count
 E = Vault monster count
 F = Vault count percentage of total count
                 A         B        C        D         E       F
            +---------+---------+-------+---------+---------+-------
      Total |  767951 |  590738 |  43.5 |    1380 |     855 |  38.3
            +---------+---------+-------+---------+---------+-------
        D:1 |      46 |       5 |   9.8 |      25 |       3 |  10.7
        D:2 |      23 |      32 |  58.2 |      13 |       1 |   7.1
        D:3 |     191 |     239 |  55.6 |      17 |       5 |  22.7
        D:4 |     209 |     175 |  45.6 |      18 |       4 |  18.2
        D:5 |    1311 |       0 |   0.0 |      31 |       0 |   0.0
        D:6 |     951 |       0 |   0.0 |      13 |       0 |   0.0
        D:7 |     485 |       0 |   0.0 |      11 |       0 |   0.0
        D:8 |    1675 |     848 |  33.6 |      22 |       2 |   8.3
        D:9 |    3875 |     564 |  12.7 |      27 |       5 |  15.6
       D:10 |     332 |     267 |  44.6 |      10 |       8 |  44.4
       D:11 |    2906 |    2146 |  42.5 |      11 |       8 |  42.1
       D:12 |    6409 |     371 |   5.5 |      21 |       1 |   4.5
       D:13 |    7585 |     917 |  10.8 |      19 |       1 |   5.0
       D:14 |    9038 |    5485 |  37.8 |      20 |      13 |  39.4
       D:15 |    5721 |   16223 |  73.9 |      12 |      28 |  70.0
     Lair:1 |    7663 |    2142 |  21.8 |      30 |       7 |  18.9
     Lair:2 |   12736 |    2672 |  17.3 |      29 |       9 |  23.7
     Lair:3 |   10008 |     724 |   6.7 |      36 |       1 |   2.7
     Lair:4 |    4666 |    2681 |  36.5 |      18 |       4 |  18.2
     Lair:5 |    9466 |    2009 |  17.5 |      29 |      17 |  37.0
   Shoals:1 |   12318 |    6927 |  36.0 |      25 |       9 |  26.5
   Shoals:2 |    7509 |    4514 |  37.5 |      16 |      10 |  38.5
   Shoals:3 |   15343 |   15732 |  50.6 |      28 |      24 |  46.2
   Shoals:4 |    1069 |   12233 |  92.0 |       4 |      23 |  85.2
   Spider:1 |   22066 |       0 |   0.0 |      60 |       0 |   0.0
   Spider:2 |   23054 |    2707 |  10.5 |      55 |       4 |   6.8
   Spider:3 |   19850 |   13927 |  41.2 |      48 |      20 |  29.4
   Spider:4 |    1904 |    7492 |  79.7 |       6 |      18 |  75.0
      Orc:1 |     555 |    1120 |  66.9 |      11 |       6 |  35.3
      Orc:2 |    1895 |    4670 |  71.1 |      21 |      26 |  55.3
      Elf:1 |   20896 |    8370 |  28.6 |      32 |      10 |  23.8
      Elf:2 |   19074 |   12783 |  40.1 |      32 |      13 |  28.9
      Elf:3 |   13845 |   27434 |  66.5 |      25 |      25 |  50.0
   Vaults:1 |   33438 |   20658 |  38.2 |      50 |      29 |  36.7
   Vaults:2 |   29716 |   11274 |  27.5 |      41 |      18 |  30.5
   Vaults:3 |   15615 |   21976 |  58.5 |      25 |      29 |  53.7
   Vaults:4 |   33567 |   43026 |  56.2 |      53 |      51 |  49.0
   Vaults:5 |   22198 |  101369 |  82.0 |      27 |      88 |  76.5
    Crypt:1 |   31000 |    3292 |   9.6 |      47 |       4 |   7.8
    Crypt:2 |   16033 |     217 |   1.3 |      29 |       1 |   3.3
    Crypt:3 |       0 |   75531 | 100.0 |       0 |     121 | 100.0
   Depths:1 |   54197 |   19666 |  26.6 |      67 |      23 |  25.6
   Depths:2 |   15896 |   32481 |  67.1 |      21 |      24 |  53.3
   Depths:3 |   19929 |   18252 |  47.8 |      21 |      16 |  43.2
   Depths:4 |   17627 |   16106 |  47.7 |      19 |      15 |  44.1
      Zot:1 |   30254 |    4491 |  12.9 |      28 |       6 |  17.6
      Zot:2 |   88764 |       0 |   0.0 |      76 |       0 |   0.0
      Zot:3 |   19988 |    2456 |  10.9 |      17 |       1 |   5.6
      Zot:4 |   60920 |       0 |   0.0 |      56 |       0 |   0.0
      Zot:5 |   32483 |   34801 |  51.7 |      27 |      13 |  32.5
      Sewer |       0 |     189 | 100.0 |       0 |      35 | 100.0
    Ossuary |       0 |     421 | 100.0 |       0 |      37 | 100.0
     WizLab |       0 |   26008 | 100.0 |       0 |      38 | 100.0
      Arena |    1652 |    3115 |  65.3 |       1 |       1 |  50.0
            +---------+---------+-------+---------+---------+-------

Illustrated notes

Table legend:
 A = Kills in this place as a percentage of kills in entire the game.
 B = Kills by you in this place as a percentage of kills by you in the entire game.
 C = Kills by friends in this place as a percentage of kills by friends in the entire game.
 D = Other kills in this place as a percentage of other kills in the entire game.
 E = Experience gained in this place as a percentage of experience gained in the entire game.
 F = Experience gained in this place divided by the number of levels of this place that you have seen.
                   A       B       C       D       E      F
               +-------+-------+-------+-------+-------+----------------------
         Total | 100.0 | 100.0 |   N/A | 100.0 | 100.0 | 23028.6
       Dungeon |  15.6 |  15.7 |   N/A |   0.0 |   5.0 | 4535.3
          Lair |   8.1 |   8.1 |   N/A |   0.0 |   4.0 | 10953.4
        Shoals |   6.2 |   6.2 |   N/A |   0.0 |   5.6 | 18911.2
   Spider Nest |   9.4 |   9.4 |   N/A |  16.7 |   6.7 | 22750.0
  Orcish Mines |   2.9 |   2.9 |   N/A |   0.0 |   0.6 | 4120.0
   Elven Halls |   6.1 |   6.1 |   N/A |  33.3 |   7.5 | 34134.0
        Vaults |  18.4 |  18.4 |   N/A |  16.7 |  24.5 | 66567.4
         Crypt |   9.0 |   9.1 |   N/A |   0.0 |   9.3 | 42024.3
        Depths |   9.2 |   9.2 |   N/A |   0.0 |  14.3 | 48538.5
           Zot |  10.0 |  10.0 |   N/A |  33.3 |  20.2 | 54831.4
         Sewer |   1.6 |   1.6 |   N/A |   0.0 |   0.0 | 189.0
       Ossuary |   1.7 |   1.7 |   N/A |   0.0 |   0.0 | 421.0
        Wizlab |   1.7 |   1.7 |   N/A |   0.0 |   1.9 | 26008.0
         Arena |   0.1 |   0.1 |   N/A |   0.0 |   0.4 | 2383.5
               +-------+-------+-------+-------+-------+----------------------

Table legend: (Time is in decaauts)
 A = Elapsed time spent in this place.
 B = Non-inter-level travel time spent in this place.
 C = Inter-level travel time spent in this place.
 D = Time resting spent in this place.
 E = Time spent auto-exploring this place.
 F = Levels seen in this place.
 G = Mean time per level.
                   A        B        C        D        E       F      G
               +--------+--------+--------+--------+--------+-----+--------+
         Total |  70254 |  65197 |   5057 |  11524 |  31969 |  59 | 1190.7 |
       Dungeon |  17986 |  16080 |   1906 |   2330 |  10622 |  15 | 1199.1 |
        Temple |     10 |     10 |      0 |      0 |      0 |   1 |   10.0 |
          Lair |   7789 |   7135 |    654 |   1685 |   3703 |   5 | 1557.8 |
        Shoals |   5094 |   4762 |    332 |    828 |   2149 |   4 | 1273.5 |
   Spider Nest |   7453 |   7269 |    184 |   2651 |   2079 |   4 | 1863.2 |
  Orcish Mines |   1841 |   1626 |    215 |    100 |   1000 |   2 |  920.5 |
   Elven Halls |   3777 |   3610 |    167 |    712 |   1133 |   3 | 1259.0 |
        Vaults |   7637 |   6876 |    761 |    350 |   2973 |   5 | 1527.4 |
         Crypt |   3103 |   2886 |    217 |    268 |   1545 |   3 | 1034.3 |
        Depths |   6657 |   6217 |    440 |    870 |   3302 |   4 | 1664.2 |
           Zot |   5966 |   5790 |    176 |   1326 |   2307 |   5 | 1193.2 |
        Bazaar |    294 |    294 |      0 |      0 |    167 |   2 |  147.0 |
         Trove |     75 |     75 |      0 |      0 |      0 |   1 |   75.0 |
         Sewer |   1089 |   1089 |      0 |    141 |    493 |   1 | 1089.0 |
       Ossuary |    607 |    607 |      0 |      0 |    335 |   1 |  607.0 |
        Wizlab |    839 |    839 |      0 |    261 |    160 |   1 |  839.0 |
         Arena |     28 |     28 |      0 |      0 |      0 |   2 |   14.0 |
               +--------+--------+--------+--------+--------+-----+--------+

Top non-repeatable levels by time:
Spider:2: 2240 daAuts
Spider:3: 2163 daAuts
    D:15: 2118 daAuts
Depths:1: 2116 daAuts
  Lair:2: 2053 daAuts
Vaults:1: 2043 daAuts
  Lair:3: 1981 daAuts
    D:14: 1900 daAuts
Spider:1: 1711 daAuts
Shoals:3: 1704 daAuts
Depths:2: 1687 daAuts
   Zot:2: 1654 daAuts
     D:5: 1629 daAuts
  Lair:1: 1557 daAuts
     D:9: 1534 daAuts
